 Dungeon Crawl Stone Soup version 0.30.1-4-g462c640d31 (webtiles) character file.

Game seed: 434297259073738465

1194671 KyoPewz the Infernalist (level 27, -21/258 HPs)
             Began as a Deep Elf Air Elementalist on Aug 12, 2023.
             Was the Champion of Vehumet.
             Killed from afar by an orb of fire (23 damage)
             ... with a fireball
             ... on level 24 of a ziggurat on Aug 14, 2023.
             The game lasted 16:29:23 (163535 turns).

KyoPewz the Infernalist (DEAE)                    Turns: 163535, Time: 16:29:23

Health: -21/258    AC: 40    Str: 11    XL:     27
Magic:  45/45      EV: 28    Int: 42    God:    Vehumet [******]
Gold:   6916       SH: 24    Dex: 20    Spells: 6/80 levels left

rFire   + + .        w - +8 autumn katana {manifold assault}
rCold   + + .        y - +5 kite shield {rC+}
rNeg    + + +        G - melded +6 scale mail {rF+}
rPois   ∞            f - +2 helmet "Risig" {rF+}
rElec   +            A - scarf of the Lily {+Inv, rElec rN+ Int+4 SInv}
rCorr   +            m - melded +2 pair of gloves "Hiecawiu" {SInv}
SInv    +            K - melded +2 pair of slick slippers {slick, slippery, EV+4}
Will    ++++.        H - amulet "Tompir" {Reflect rN+ Regen+ Slay+3 SH+5}
Stlth   ++           U - ring "Kyasy" {rF+ rC+ Will+ Str-2 Dex+6}
HPRegen 0.00/turn    C - ring of Susoplys {Will+ rCorr Str+3 Int+5}
MPRegen 0.29/turn

%: reflection
@: brilliant, statue-form (expiring), inhibited regen, studying 6 skills, very
slow
A: slow and powerful, torment resistance 1, boosted hp, clever 1, deformed body,
deterioration 1, low MP 2, inhibited regeneration, inability to read after
injury 1, MP-powered wands
}: 10/15 runes: serpentine, barnacled, slimy, silver, abyssal, demonic, glowing,
magical, fiery, dark
a: End Transformation, Renounce Religion, Evoke Invisibility


You were on level 24 of a ziggurat.
You worshipped Vehumet.
Vehumet was exalted by your worship.
You were a living statue of rough stone.
You visited 15 branches of the dungeon, and saw 70 of its levels.
You visited Pandemonium 3 times, and saw 19 of its levels.
You visited the Abyss 7 times.
You visited 1 ziggurat, and saw 24 of its levels.
You also visited: Ossuary, Bailey and Ice Cave.

You collected 15679 gold pieces.
You spent 8763 gold pieces at shops.

Inventory:

Hand Weapons
 w - the +8 autumn katana (weapon) {manifold assault}
   (You found it on level 5 of the Pits of Slime)
Missiles
 o - 20 throwing nets
Armour
 c - the +10 tower shield of Ignorance {rN+ Int-4}
   (You found it on level 20 of a ziggurat)

   Int:       It affects your intelligence (-4).
   rN:        It protects you from negative energy.
 f - the +2 helmet "Risig" (worn) {rF+}
   (You found it on level 14 of the Dungeon)

   rF:        It protects you from fire.
 m - the +2 pair of gloves "Hiecawiu" (melded) {SInv}
   (You acquired it on level 1 of the Dungeon)

   SInv:      It lets you see invisible.
 y - a +5 kite shield of cold resistance (worn)
 A - the scarf of the Lily (worn) {+Inv, rElec rN+ Int+4 SInv}
   (You acquired it on level 9 of a ziggurat)

   Int:       It affects your intelligence (+4).
   rElec:     It insulates you from electricity.
   rN:        It protects you from negative energy.
   SInv:      It lets you see invisible.
 G - a +6 scale mail of fire resistance (melded)
 K - the +2 pair of slick slippers (melded) {slick, slippery, EV+4}
   (You acquired it on level 11 of the Dungeon)

   Slick:     Its wearer cannot be constricted, engulfed, netted or webbed.
   Slippery:  Its wearer slips away from damaging melee attacks, pulling the
   attacker onward.
   EV:        It affects your evasion (+4).
 R - a +2 cloak of willpower
 Z - the +0 helmet "Paacleumuge" {rF+ rC+}
   (You found it on level 9 of a ziggurat)

   rF:        It protects you from fire.
   rC:        It protects you from cold.
Magical Staves
 b - the staff of poison "Ysepn" {rElec rPois Str-3 Int+9}
   (You found it on level 5 of the Vaults)

   [staff of poison]

   Base accuracy: +5 Base damage: 5 Base attack delay: 1.2 This weapon's minimum
   attack delay (0.6) is reached at skill level 12.
   Str:       It affects your strength (-3).
   Int:       It affects your intelligence (+9).
   rElec:     It insulates you from electricity.
   rPois:     It protects you from poison.
   It falls into the 'Staves' category.
   It is a one-handed weapon.
 e - the staff of fire "Lotud" {rF+ rC+ Int+6 Dex-2}
   (You found it on level 20 of a ziggurat)

   [staff of fire]

   Base accuracy: +5 Base damage: 5 Base attack delay: 1.2 This weapon's minimum
   attack delay (0.6) is reached at skill level 12.
   Int:       It affects your intelligence (+6).
   Dex:       It affects your dexterity (-2).
   rF:        It protects you from fire.
   rC:        It protects you from cold.
   It falls into the 'Staves' category.
   It is a one-handed weapon.
Jewellery
 a - the ring "Bukhaive" {rPois EV+5 Str+2 Stlth+}
   (You found it on level 9 of a ziggurat)

   [ring of evasion]

   EV:        It affects your evasion (+5).
   Str:       It affects your strength (+2).
   rPois:     It protects you from poison.
   Stlth:     It makes you more stealthy.
 p - the ring of the Mage {Wiz Archmagi}
   (You found it on level 5 of the Pits of Slime)

   [ring of wizardry]

   It improves your spell success rate.
   Archmagi:  It increases the power of your magical spells.
 x - the ring of the Cricket {rC+ rN++}
   (You bought it in a shop on level 2 of the Orcish Mines)

   [ring of protection from cold]

   rC:        It protects you from cold.
   rN:        It greatly protects you from negative energy.
 C - the ring of Susoplys (right fist) {Will+ rCorr Str+3 Int+5}
   (You found it on level 22 of a ziggurat)

   [ring of resist corrosion]

   Str:       It affects your strength (+3).
   Int:       It affects your intelligence (+5).
   rCorr:     It protects you from acid and corrosion.
   Will:      It increases your willpower.
 E - the ring of the Saviour {Will+ AC+4}
   (You found it on level 6 of the Dungeon)

   [ring of protection]

   AC:        It affects your AC (+4).
   Will:      It increases your willpower.
 H - the amulet "Tompir" (around neck) {Reflect rN+ Regen+ Slay+3 SH+5}
   (You found it on level 4 of the Vaults)

   [amulet of reflection]

   It reflects blocked missile attacks.
   Slay:      It affects your accuracy & damage with ranged weapons and melee
   (+3).
   rN:        It protects you from negative energy.
   Regen:     It increases your rate of health regeneration.
   SH:        It affects your SH (+5).
 I - the amulet of Vitality {RegenMP++ Regen++}
   (You found it on level 18 of a ziggurat)

   [amulet of magic regeneration]

   It increases your rate of magic regeneration.
   Regen:     It increases your rate of health regeneration.
 O - the ring of Inlub {rC++ rN+ Will+ Dex+3}
   (You found it on level 7 of Tartarus)

   [ring of positive energy]

   Dex:       It affects your dexterity (+3).
   rC:        It greatly protects you from cold.
   rN:        It protects you from negative energy.
   Will:      It increases your willpower.
 P - the ring of the Tortoise {AC+8}
   (You found it on level 14 of a ziggurat)

   [ring of protection]

   AC:        It affects your AC (+8).
 U - the ring "Kyasy" (left fist) {rF+ rC+ Will+ Str-2 Dex+6}
   (You found it on level 19 of a ziggurat)

   [ring of protection from fire]

   Str:       It affects your strength (-2).
   Dex:       It affects your dexterity (+6).
   rF:        It protects you from fire.
   rC:        It protects you from cold.
   Will:      It increases your willpower.
Wands
 u - a wand of mindburst (50)
 v - a wand of iceblast (156)
 D - a wand of digging (24)
 Y - a wand of quicksilver (65)
Scrolls
 g - 7 scrolls of fear
 k - 20 scrolls of magic mapping
 t - 37 scrolls of teleportation
 B - 4 scrolls of blinking
 L - 19 scrolls of fog
 Q - 3 scrolls of butterflies
 S - 4 scrolls of enchant armour
 T - 8 scrolls of silence
Potions
 d - 14 potions of might
 h - 13 potions of haste
 i - 6 potions of brilliance
 l - 3 potions of heal wounds
 n - 5 potions of resistance
 q - 27 potions of curing
 s - 22 potions of mutation
 F - 9 potions of ambrosia
 J - 10 potions of cancellation
 M - 13 potions of lignification
 V - 6 potions of magic
 X - 5 potions of invisibility
Miscellaneous
 j - a box of beasts
 r - the horn of Geryon
 z - a phial of floods
 N - a phantom mirror
 W - a lightning rod (4/4)


   Skills:
 O Level 27 Fighting
 - Level 12.2 Long Blades
 - Level 12.0 Staves
 - Level 6.0 Throwing
 - Level 17.0 Armour
 - Level 23.1 Dodging
 - Level 2.4 Stealth
 - Level 15.0 Shields
 O Level 27 Spellcasting
 O Level 27 Conjurations
 - Level 6.0 Hexes
 - Level 10.0 Summonings
 - Level 15.0 Translocations
 - Level 6.0 Transmutations
 O Level 27 Fire Magic
 - Level 7.0 Ice Magic
 O Level 27 Air Magic
 + Level 25.7 Earth Magic
 - Level 6.0 Poison Magic
 - Level 20.0 Evocations


You had 6 spell levels left.
You knew the following spells:

 Your Spells              Type           Power      Damage    Failure   Level
a - Lehudib's Crystal Sp  Conj/Erth      80%        10d18     1%          8
b - Blink                 Tloc           100%       N/A       0%          2
c - Chain Lightning       Conj/Air       81%        3d108     1%          9
d - Plasma Beam           Fire/Air       81%        2x1d108   0%          6
e - Apportation           Tloc           100%       N/A       0%          1
f - Fireball              Conj/Fire      81%        3d30      0%          5
g - Yara's Violent Unrav  Hex/Tmut       51%        3d20      1%          5
A - Ignition              Fire           81%        3d21      1%          8
C - Maxwell's Capacitive  Air            81%        ∞         1%          8
J - Spellforged Servitor  Conj/Summ      72%        N/A       1%          7
M - Statue Form           Tmut/Erth      91%        N/A       1%          6
N - Fire Storm            Conj/Fire      81%        8d20      1%          9

Your spell library contained the following spells:

 Spells                   Type           Power      Damage    Failure   Level
 Foxfire                  Conj/Fire      100%       2x1d9     0%          1
 Kiss of Death            Conj/Necr      100%       2d13      0%          1
 Magic Dart               Conj           100%       1d8       0%          1
 Sandblast                Erth           100%       2d20      0%          1
 Shock                    Conj/Air       100%       1d9       0%          1
 Summon Small Mammal      Summ           100%       N/A       0%          1
 Cigotuvi's Dreadful Rot  Necr/Pois/Air  100%       N/A       0%          2
 Lesser Beckoning         Tloc           100%       N/A       0%          2
 Momentum Strike          Conj/Tloc      100%       3d10      0%          2
 Passwall                 Tmut/Erth      100%       N/A       0%          2
 Poisonous Vapours        Pois/Air       100%       N/A       0%          2
 Searing Ray              Conj           100%       2d8       0%          2
 Static Discharge         Conj/Air       100%       2-7/arc   0%          2
 Dazzling Flash           Conj/Hex       100%       N/A       0%          3
 Gell's Gravitas          Tloc           100%       N/A       0%          3
 Hailstorm                Conj/Ice       100%       3d20      0%          3
 Ignite Poison            Fire/Tmut/Pois 100%       N/A       0%          3
 Inner Flame              Hex/Fire       100%       N/A       0%          3
 Mephitic Cloud           Conj/Pois/Air  100%       N/A       0%          3
 Stone Arrow              Conj/Erth      100%       3d13      0%          3
 Swiftness                Air            100%       N/A       0%          3
 Teleport Other           Tloc           100%       N/A       0%          3
 Vhi's Electric Charge    Tloc/Air       100%       N/A       0%          3
 Volatile Blastmotes      Fire/Tloc      100%       2d18      0%          3
 Airstrike                Air            81%        2d(12-28) 0%          4
 Animate Armour           Summ/Erth      100%       N/A       0%          4
 Flame Wave               Conj/Fire      100%       2d21      0%          4
 Fulminant Prism          Conj/Hex       69%        3d27      0%          4
 Iskenderun's Mystic Bla  Conj/Tloc      100%       2d19      0%          4
 Leda's Liquefaction      Hex/Erth       68%        N/A       0%          4
 Manifold Assault         Tloc           100%       N/A       0%          4
 Passage of Golubria      Tloc           100%       N/A       0%          4
 Petrify                  Tmut/Erth      100%       N/A       0%          4
 Sticky Flame             Conj/Fire      100%       2d11      0%          4
 Summon Lightning Spire   Summ/Air       100%       N/A       0%          4
 Arcjolt                  Conj/Air       81%        1d91      0%          5
 Freezing Cloud           Conj/Ice/Air   74%        6-21      0%          5
 Irradiate                Conj/Tmut      69%        3d34      0%          5
 Iskenderun's Battlesphe  Conj           100%       2d15      0%          5
 Lee's Rapid Deconstruct  Erth           79%        3d35*     0%          5
 Conjure Ball Lightning   Conj/Air       81%        3x3d31    0%          6
 Iron Shot                Conj/Erth      80%        9d15      0%          6
 Starburst                Conj/Fire      81%        6d21      0%          6
 Freeze                   Ice            100%       1d10      1%          1
 Necrotise                Necr           100%       1d9       1%          1
 Slow                     Hex            100%       N/A       1%          1
 Sting                    Tmut/Pois      100%       1d8       1%          1
 Ensorcelled Hibernation  Hex/Ice        100%       N/A       1%          2
 Sublimation of Blood     Necr           71%        N/A       1%          2
 Wereblood                Tmut           100%       N/A       1%          2
 Call Canine Familiar     Summ           100%       N/A       1%          3
 Confusing Touch          Hex            100%       N/A       1%          3
 Frozen Ramparts          Ice            100%       1d16      1%          3
 Ozocubu's Armour         Ice            100%       N/A       1%          3
 Portal Projectile        Hex/Tloc       100%       N/A       1%          3
 Spider Form              Tmut/Pois      100%       N/A       1%          3
 Summon Guardian Golem    Hex/Summ       100%       N/A       1%          3
 Tukima's Dance           Hex            100%       N/A       1%          3
 Vampiric Draining        Necr           71%        2d11      1%          3
 Anguish                  Hex/Necr       44%        N/A       1%          4
 Cause Fear               Hex            51%        N/A       1%          4
 Ice Form                 Ice/Tmut       100%       N/A       1%          4
 Olgreb's Toxic Radiance  Pois           100%       N/A       1%          4
 Summon Ice Beast         Ice/Summ       100%       N/A       1%          4
 Alistair's Intoxication  Tmut/Pois      68%        N/A       1%          5
 Borgnjor's Vile Clutch   Necr/Erth      64%        N/A       1%          5
 Metabolic Englaciation   Hex/Ice        52%        N/A       1%          5
 Silence                  Hex/Air        69%        N/A       1%          5
 Summon Forest            Summ/Tloc      63%        N/A       1%          5
 Summon Mana Viper        Hex/Summ       100%       N/A       1%          5
 Dispersal                Tloc           67%        N/A       1%          6
 Eringya's Noxious Bog    Tmut/Pois      51%        N/A       1%          6
 Summon Cactus Giant      Summ           59%        N/A       1%          6
 Animate Dead             Necr           71%        N/A       5%          4
 Dispel Undead            Necr           71%        3d24      5%          4
 Agony                    Necr           71%        N/A       16%         5
 Simulacrum               Ice/Necr       46%        N/A       21%         6
 Death Channel            Necr           35%        N/A       63%         6
 Orb of Destruction       Conj           81%        9d18      0%          7
 Storm Form               Tmut/Air       69%        N/A       1%          7
 Malign Gateway           Summ/Tloc      63%        N/A       2%          7
 Ozocubu's Refrigeration  Ice            53%        4d19      7%          7
 Monstrous Menagerie      Summ           59%        N/A       8%          7
 Summon Hydra             Summ           59%        N/A       8%          7
 Disjunction              Tloc           67%        N/A       8%          8
 Enfeeble                 Hex            51%        N/A       36%         7
 Haunt                    Necr/Summ      49%        N/A       52%         7
 Summon Horrible Things   Summ           59%        N/A       52%         8
 Discord                  Hex            51%        N/A       97%         8
 Borgnjor's Revivificati  Necr           35%        N/A       100%        8
 Infestation              Necr           35%        N/A       100%        8
 Necromutation            Tmut/Necr      44%        N/A       100%        8
 Death's Door             Necr           35%        N/A       100%        9


Dungeon Overview and Level Annotations

Branches:
Dungeon (15/15)            Temple (1/1) D:6            Lair (5/5) D:11
 Shoals (4/4) Lair:2        Snake (4/4) Lair:2        Slime (5/5) Lair:5
    Orc (2/2) D:10            Elf (3/3) Orc:2        Vaults (5/5) D:13
  Crypt (3/3) Vaults:3       Tomb (0/3) Crypt:3      Depths (4/4) D:15
   Hell (visited)             Dis (0/7) Hell            Geh (0/7) Hell
    Coc (7/7) Hell            Tar (7/7) Hell            Zot (4/5) Depths:4
Ossuary (visited)          Bailey (visited)           IceCv (visited)

Altars:
Ashenzari
Cheibriados
Dithmenos
Elyvilon
Fedhas
Gozag
Hepliaklqana
Kikubaaqudgha
Makhleb
Nemelex Xobeh
Okawaru
Qazlal
Ru
Sif Muna
Trog
Uskayaw
Vehumet
Wu Jian
Xom
Yredelemnul
Zin
The Shining One
Jiyva
Lugonu

Shops:
D:8 :(:(   Orc:2 ([=?   Elf:2 *   Elf:3 *   Shoals:1 **   Snake:4 =::(
Vaults:2 (   Vaults:3 *   Depths:2 :

Portals:
Hell: Depths:1 Depths:2 Depths:3 Depths:4
Abyss: Lair:5 Depths:1 Depths:3 Depths:4
Pandemonium: Depths:2 Depths:3 Depths:4

Annotations:
Vaults:4 AgonHex's ghost, veteran HOFi
Tar:7 Ereshkigal


Innate Abilities, Weirdness & Mutations

You are a living statue of rough stone.
Your actions are slow, but your melee attacks are powerful.
You are resistant to unholy torment.
Your maximum health is greatly increased.
You are immune to poison.
Your equipment is partially melded.
Your mind is acute. (Int +4, Str/Dex -1)
Armour fits poorly on your strangely shaped body.
Your body sometimes deteriorates upon taking damage.
Your magical capacity is very low. (-20% MP)
You do not regenerate when monsters are visible.
You occasionally lose the ability to read scrolls when taking damage.
You expend magic power (3 MP) to strengthen your wands.


Message History

Your fire vortex dissipates!
Your fire vortex hits the orb of fire.
Your fire vortex dissipates!
Your fire vortex misses the orb of fire.
The balrug hits your fire vortex with a +3 antimagic demon whip.
Your fire vortex is engulfed in flames.
Your fire vortex completely resists.
The orb of fire glows red.
The fireball explodes!
The fireball engulfs the efreet.
The efreet completely resists.
The fireball engulfs the fire elemental.
The fire elemental completely resists.
The fireball engulfs you!! You resist.
* * * LOW HITPOINT WARNING * * *
The fireball engulfs the orb of fire.
The orb of fire completely resists.
The fire elemental hits you.
Your fire vortex hits the balrug.
Your fire vortex dissipates!
Your fire vortex hits the fire giant.
Your fire vortex burns the fire giant!
The fire giant completely resists.
Your fire vortex dissipates!
The fire elemental misses you.
You regained 7 hp, and now have 27/258 hp.
Unknown command.
Unknown command.
Blink to where?
Press: ? - help, Dir - move target
As you read the scroll of blinking, it crumbles to dust.
Your transformation is almost over.
The fire giant hits your fire vortex with a +2 great sword of flaming!!
Your fire vortex dissipates!
Are you sure you want to leave this ziggurat?
The orb of fire glows red.
Strange energies course through your body.
You feel yourself wasting away.
The orb of fire glows deep purple.
The bolt of fire hits you!! You resist.
* * * LOW HITPOINT WARNING * * *
The fire giant is engulfed in blazing flames.
The orb of fire glows yellow.
The fireball explodes!
The fireball engulfs you!! You resist.
You die...

▓. ▓## ▓.#w
▓).## ▓)|...
▓?|:...
▓▓/|||...
▓▓8/:[:?.).)○..
▓:>!:*[?.C)).C.
▓▓∩[))).○D†2D..
▓▓|E/|*t2°Dt*.
▓?☼|*R)°2Rt.
▓☼°.2†.Ct..
▓○○###....
▓.#†#E...
▓▓###°...


You could see 3 orbs of fire, a fire giant (distracted), a fire dragon, 2
balrugs, a torpor snail, a fire crab, an efreet (distracted) and a fire
elemental.

Vanquished Creatures
  Cerebov (Pan)
  Dissolution (Slime:3)
  the Royal Jelly (Slime:5)
  Gloorx Vloq (Pan)
  Mnoleg (Pan)
  A seraph (Pan)
  Lom Lobon (Pan)
  2 dread liches
  3 ancient liches
  Mennas (Vaults:2)
  4 orbs of fire
  6 juggernauts
  A royal mummy (Zig:5)
  The ghost of Heot Zafel the Impregnable, a veteran MiGl of Hepliaklqana (Crypt:1)
  3 shard shrikes
  Josephina (Zot:3)
  5 Killer Klowns
  Xtahua (Vaults:2)
  3 caustic shrikes (Depths:2)
  Saint Roka (Elf:3)
  A curse toe (Zot:4)
  Geryon (Hell)
  Jory (Crypt:3)
  10 golden dragons
  The ghost of Boucumua the Executioner, an adept MiFi of the Shining One (Crypt:1)
  3 pearl dragons
  The ghost of Tikhodghonn the Devastator, a veteran GrEE of Lugonu (Crypt:1)
  20 pandemonium lords
  32 bone dragons
  6 profane servitors
  4 electric golems
  16 doom hounds
  3 hellephants (Zig:14)
  10 Brimstone Fiends
  15 Tzitzimimeh
  2 spectral shard shrikes (Tar:2)
  Asterion (Elf:1)
  10 tentacled monstrosities
  3 Hell Sentinels (Pan)
  12 Ice Fiends
  A quicksilver dragon (shapeshifter) (Zig:16)
  15 liches
  2 deep elf blademasters (Elf:3)
  The ghost of ymhsbmbesitwf the Axe Maniac, an adept HOFi of Ashenzari (Shoals:4)
  3 searing wretches (Zig:14)
  2 deep elf master archers (Elf:3)
  20 tainted leviathans
  14 titans
  A walking divine tome (Abyss:4)
  6 quicksilver dragons
  5 ancient champions
  The ghost of Esekla the Sorcerer, an adept DENe of Vehumet (Vaults:2)
  3 sphinxes
  Frances (Elf:1)
  27 acid blobs
  22 tentacled starspawn
  2 krakens
  An eldritch tentacle (Pan)
  5 death cobs
  43 Executioners
  12 storm dragons
  A sphinx (shapeshifter) (Zig:10)
  7 shadow dragons
  The ghost of Gabide the Brawler, a journeyman TrBe of Trog (D:14)
  14 draconian monks
  Kirke (Snake:4)
  10 tengu reavers
  Donald (Orc:2)
  Roxanne (Snake:1)
  21 azure jellies
  48 daevas
  6 revenants
  2 fenstrider witches (shapeshifter)
  13 demonspawn warmongers (Pan)
  21 rockslimes
  A fire giant (shapeshifter) (Zig:16)
  Ilsuiw (Shoals:3)
  13 frost giants
  An emperor scorpion (Zig:21)
  16 fire giants
  19 nagarajas
  A frost giant (shapeshifter) (Zig:16)
  13 draconian knights
  2 deep elf sorcerers (Elf:3)
  2 fenstrider witches
  8 narguns
  13 ghost moths
  5 iron dragons
  48 balrugs
  Aizul (Snake:1)
  21 vault wardens
  2 shard shrike simulacra (Coc:6)
  6 curse skulls
  13 draconian scorchers
  A spectral juggernaut (Tar:2)
  5 deep elf elementalists (Elf:3)
  13 draconian shifters
  9 draconian stormcallers
  3 war gargoyles
  23 ghouls
  50 very ugly things
  26 cacodemons
  A spriggan defender (Depths:3)
  19 stone giants
  2 ironbound thunderhulks (Vaults:1)
  72 angels
  3 caustic shrike skeletons
  21 ironbound preservers
  2 spectral caustic shrikes (Tar:2)
  39 ophanim
  14 demonspawn blood saints (Pan)
  11 demonspawn corrupters
  2 juggernaut skeletons (Pan)
  12 orc warlords
  11 quicksilver oozes
  23 reapers
  13 vampire knights
  19 draconian annihilators
  9 green draconians
  The ghost of AndyM the Cleaver, a journeyman MiFi of Gozag (D:9)
  6 white draconians
  19 elemental wellsprings
  12 deep elf demonologists
  2 eleionomae (shapeshifter) (Zig:16)
  15 black draconians
  26 lorocyprocas
  14 dire elephants
  15 deep elf annihilators
  3 eleionomae
  10 yellow draconians
  14 demonspawn black suns
  80 apis
  15 putrid mouths
  12 red draconians
  2 bennus (Zig:2)
  A spectral titan (Tar:1)
  9 purple draconians
  14 wendigos
  3 bunyips
  10 spark wasps
  16 eidola
  12 ettins
  11 deep elf death magi
  31 blizzard demons
  2 quicksilver dragon zombies
  A spectral quicksilver dragon (Tar:7)
  7 entropy weavers
  15 fire dragons
  14 crystal guardians
  25 green deaths
  An iron golem (Hell)
  7 merfolk javelineers
  5 shambling mangroves
  An entropy weaver (shapeshifter) (Elf:1)
  7 deep elf high priests
  8 merfolk impalers
  15 yaktaur captains
  11 rakshasas
  15 ice dragons
  11 jiangshi
  19 great orbs of eyes
  4 spriggan zombies
  2 spectral iron giants
  5 spectral spriggans
  3 mummy priests
  7 hell beasts
  A fenstrider witch zombie (Crypt:2)
  2 spriggan air magi
  4 peacekeepers
  A radroach (Zig:21)
  40 vault guards
  6 caustic shrike simulacra
  24 salamander tyrants
  A catoblepas (D:13)
  An alligator snapping turtle (shapeshifter) (Zig:10)
  2 jorogumos (Zig:21)
  19 centaur warriors
  3 merfolk avatars
  14 hydras
  A fenstrider witch skeleton (Pan)
  9 ogre magi
  13 anacondas
  6 merfolk aquamancers
  4 boulder beetles
  7 death knights
  10 ironbound frosthearts
  A stoker (Zig:14)
  20 two-headed ogres
  Erica (D:9)
  38 dancing weapons
  10 juggernaut simulacra
  An alligator snapping turtle (Shoals:3)
  5 alligators (Zig:22)
  6 ghost crabs
  6 spriggan skeletons
  17 naga warriors
  4 deep troll shamans
  7 hell hogs
  16 shock serpents
  8 tengu warriors
  2 deep troll earth magi
  14 orc high priests
  12 vampire magi
  A spectral dire elephant (Tar:2)
  16 thrashing horrors
  A titan zombie (Abyss:4)
  14 naga sharpshooters
  3 spriggan berserkers
  Sonja (Lair:2)
  26 hell knights
  15 deep elf knights
  98 sun demons
  Nergalle (D:10)
  6 storm dragon zombies
  53 soul eaters
  6 pharaoh ants
  2 salamander mystics
  22 wretched stars
  23 shadow wraiths
  4 fire crabs (Zig:24)
  30 skeletal warriors
  2 titan skeletons (Pan)
  11 iron trolls
  3 skysharks
  A death drake (Zig:22)
  A bog body (Zig:22)
  2 golden dragon zombies (Crypt:3)
  35 cherubim
  18 sea snakes
  37 sixfirhies
  3 spatial maelstroms
  15 shadow demons
  4 spriggan druids
  7 orb spiders
  2 goliath frogs (Zig:22)
  6 quicksilver dragon simulacra
  An obsidian statue (Zig:18)
  2 orange crystal statues
  9 flayed ghosts
  43 deep trolls
  22 phantasmal warriors
  15 glowing orange brains
  A kraken simulacrum (Shoals:3)
  9 spriggan simulacra
  11 wizards
  A swamp dragon (shapeshifter) (Lair:5)
  7 deep elf archers
  15 ironbound convokers
  12 lindwurms
  28 deep elf pyromancers
  9 swamp dragons
  2 spectral iron dragons
  A shadow dragon zombie (Crypt:1)
  Pikel (D:4)
  7 naga ritualists
  2 steelbarb worms (Zig:21)
  11 orc knights
  10 harpies
  A fire giant zombie (Crypt:3)
  A wolf spider (shapeshifter) (Vaults:3)
  10 necromancers
  An anaconda skeleton (Pan)
  A spectral ettin (Tar:3)
  15 deep elf zephyrmancers
  9 wolf spiders
  A steelbarb worm (shapeshifter) (Elf:3)
  7 orc sorcerers
  54 ugly things
  7 mana vipers
  An iron dragon zombie (Crypt:3)
  57 starcursed masses
  7 fauns
  6 salamanders
  14 cyclopes
  11 shining eyes
  6 will-o-the-wisps
  2 oklob plants (Tar:2)
  17 manticores
  An iron dragon skeleton (Crypt:2)
  26 moths of wrath
  A salamander (shapeshifter) (Abyss:4)
  4 worldbinders
  16 ice statues
  4 water nymphs
  26 demonic crawlers
  13 rust devils
  25 elephants
  A stone giant skeleton (Pan)
  10 titan simulacra
  17 vault sentinels
  Joseph (D:9)
  A torpor snail (shapeshifter) (Vaults:5)
  A gargoyle (D:13)
  A guardian serpent (shapeshifter) (Vaults:5)
  70 smoke demons
  40 black mambas
  11 merfolk sirens
  10 cane toads
  25 naga magi
  A toenail golem (Abyss:3)
  13 guardian serpents
  2 centaur skeletons (Pan)
  11 torpor snails
  6 eyes of devastation
  5 apocalypse crabs
  Maggie (Lair:2)
  A pale draconian zombie (Crypt:2)
  36 orange demons
  A rime drake (shapeshifter) (Elf:2)
  4 komodo dragons
  18 rime drakes
  25 hellions
  25 yaktaurs
  A green draconian zombie (Crypt:3)
  6 kobold demonologists
  2 golden dragon simulacra
  4 anaconda simulacra
  A bunyip simulacrum (Coc:1)
  11 freezing wraiths
  A yaktaur (shapeshifter) (Elf:3)
  3 iron giant simulacra
  10 ice devils
  A purple draconian skeleton (Crypt:3)
  4 harpy zombies
  17 ancient zymes
  2 spark wasp simulacra
  17 tormentors
  25 efreet
  A guardian mummy (Zig:5)
  4 spectral harpies
  A catoblepas skeleton (Crypt:1)
  2 tengu conjurers
  2 wind drakes
  The ghost of Plommelars the Chopper, an amateur HOFi of Jiyva (D:5)
  6 red devils
  A queen bee (shapeshifter) (D:14)
  A queen bee (Abyss:4)
  22 trolls
  The ghost of LavenderCorpse the Reanimator, a novice DENe (D:5)
  44 hellwings
  A tyrant leech (Zig:22)
  3 bloated husks
  A sea snake skeleton (Crypt:1)
  A wind drake (shapeshifter) (Vaults:5)
  A meliai (shapeshifter) (Abyss:4)
  7 meliai
  18 polar bears
  A tarantella (shapeshifter) (Zig:16)
  2 tarantellas
  22 merfolk
  The ghost of AndyM the Conjurer, an amateur DgCj (D:5)
  2 wolf spider simulacra (D:8)
  A shadow dragon simulacrum (Coc:2)
  11 hornets
  43 raiju
  4 harpy skeletons
  4 stone giant simulacra
  10 dream sheep
  2 iron dragon simulacra
  28 blink frogs
  A hydra skeleton (Pan)
  3 centaur simulacra
  An ettin zombie (Crypt:3)
  A slime creature (shapeshifter) (Lair:5)
  8 flying skulls
  A draconian simulacrum (Zot:3)
  Sigmund (D:3)
  134 large abominations
  A spriggan (shapeshifter) (D:15)
  64 ynoxinuls
  200 slime creatures
  2 snapping turtles (Shoals:4)
  A wind drake zombie (Crypt:3)
  2 naga simulacra
  6 spriggans
  2 jumping spiders (Zig:21)
  4 shadows
  22 vampires
  2 culicivoras (Zig:21)
  2 ushabtiu (Zig:5)
  An air elemental (Elf:3)
  8 wraiths
  2 black mamba skeletons (Pan)
  A yak (shapeshifter) (Vaults:5)
  50 yaks
  An ettin skeleton (Crypt:3)
  5 wyverns
  4 dire elephant simulacra
  5 basilisks
  14 water elementals
  Eustachio (D:4)
  24 golden eyes
  3 alligator snapping turtle simulacra
  98 chaos spawn
  A redback (shapeshifter) (Vaults:5)
  A sea snake simulacrum (Shoals:3)
  9 fire elementals
  9 vampire mosquitoes
  3 death yak simulacra (Shoals:3)
  A minotaur simulacrum (Elf:2)
  7 redbacks
  2 steam dragons
  62 neqoxecs
  49 nagas
  3 spatial vortices (Abyss:4)
  14 wargs
  23 harpy simulacra
  A swamp worm (shapeshifter) (Vaults:5)
  4 acid dragons
  43 small abominations
  4 hydra simulacra
  2 moth of wrath simulacra (Zot:3)
  3 floating eyes
  2 floating eyes (shapeshifter)
  11 hell hounds
  8 water moccasins
  A meliai simulacrum (D:8)
  54 orc warriors
  A black bear (shapeshifter) (D:15)
  A swamp drake (Zig:11)
  2 naga skeletons
  10 ice beasts
  5 ettin simulacra
  An alligator simulacrum (Elf:2)
  2 sky beasts
  6 satyr simulacra (Shoals:3)
  A black bear (D:7)
  An ogre (shapeshifter) (Abyss:4)
  41 ogres
  5 boggarts (D:14)
  8 wolves
  16 centaurs
  A rime drake zombie (Crypt:1)
  3 lemures (D:4)
  A blink frog skeleton (Crypt:2)
  3 phantoms
  A fire crab zombie (Crypt:3)
  2 hog skeletons (Crypt:2)
  4 kobold brigands
  A draconian zombie (Crypt:1)
  Blork the orc (D:5)
  5 necrophages
  6 bullfrogs
  A draconian skeleton (Crypt:3)
  A deep troll simulacrum (Elf:2)
  5 gnoll sergeants
  4 scorpions
  2 merfolk simulacra (Shoals:3)
  A faun simulacrum (Shoals:3)
  2 earth elementals
  9 wights
  A queen bee zombie (Crypt:1)
  6 killer bees
  A lindwurm simulacrum (Elf:2)
  4 manticore simulacra (Shoals:3)
  3 electric eels (Lair:3)
  4 howler monkeys
  6 crimson imps (D:7)
  A lava snake (D:14)
  2 jellies
  A quasit (Abyss:4)
  4 centaur zombies
  2 human zombies (Ossuary)
  19 orc priests
  A jelly (shapeshifter) (Vaults:5)
  A gnoll bouda (Orc:1)
  2 hounds (D:5)
  3 iron imps
  A sleepcap (D:7)
  A cyclops simulacrum (Shoals:3)
  A human skeleton (Crypt:3)
  13 hell rats
  4 iguanas
  25 orc wizards
  5 lightning spires (Zot:2)
  10 mummies
  29 gnolls
  11 adders
  A shadow imp (D:7)
  5 white imps
  6 ufetubi
  A lava snake zombie (Crypt:2)
  A worm (D:2)
  8 dart slugs
  72 orcs
  6 ball pythons
  9 endoplasms
  9 giant cockroaches
  14 hobgoblins
  4 jackals (D:1)
  5 quokkas
  5 bats (D:1)
  5 frilled lizards
  23 goblins
  A goblin zombie (Ossuary)
  A hobgoblin skeleton (Crypt:1)
  2 hobgoblin zombies (Ossuary)
  2 jackal skeletons
  A jackal zombie (Crypt:2)
  20 kobolds
  An orc zombie (Ossuary)
  4 rats
  A spectral goblin (D:3)
  6 ball lightnings
  A butterfly (D:10)
  8 fire vortices
  3 lurking horrors (Abyss:3)
  9 starspawn tentacles
  A tentacle (Shoals:2)
5252 creatures vanquished.

Vanquished Creatures (collateral kills)
  A dread lich (Tar:7)
  A juggernaut (Zig:19)
  2 pandemonium lords
  A pearl dragon (Pan)
  A bone dragon (Tar:4)
  A Brimstone Fiend (Pan)
  An Ice Fiend (Zig:9)
  A hellephant (Zig:14)
  3 Hell Sentinels (Pan)
  4 tentacled monstrosities
  A tainted leviathan (Tar:7)
  An acid blob (Slime:5)
  6 Executioners (Pan)
  A thorn hunter (Zig:11)
  6 demonspawn warmongers (Pan)
  2 azure jellies (Slime:5)
  17 daevas (Pan)
  An emperor scorpion (Zig:21)
  A rockslime (Slime:2)
  4 balrugs (Pan)
  31 angels
  2 orc warlords (Zig:19)
  7 cacodemons (Pan)
  A broodmother (Zig:21)
  8 reapers (Pan)
  2 demonspawn blood saints (Pan)
  2 demonspawn corrupters (Pan)
  20 apis (Pan)
  An eleionoma (Zig:22)
  A green draconian (Zig:23)
  2 demonspawn black suns
  8 ophanim (Pan)
  A white draconian (Zig:23)
  A black draconian (Zig:23)
  2 green deaths (Pan)
  A shambling mangrove (Zig:22)
  2 blizzard demons (Pan)
  A hydra (Zig:22)
  A hell beast (Pan)
  A juggernaut simulacrum (Pan)
  An alligator snapping turtle (shapeshifter) (Zig:16)
  An orc high priest (Zig:19)
  9 soul eaters (Pan)
  17 sun demons (Pan)
  A goliath frog (Zig:22)
  A shadow wraith (Tar:7)
  7 sixfirhies (Pan)
  18 cherubim (Pan)
  A death drake (Zig:22)
  3 shadow demons (Pan)
  A moth of wrath (Zig:19)
  3 smoke demons (Pan)
  A rust devil (Pan)
  4 demonic crawlers (Pan)
  An apocalypse crab (Zig:16)
  3 hellions (Pan)
  2 efreet (Pan)
  An orange demon (Pan)
  7 large abominations (Pan)
  A tormentor (Pan)
  3 ice devils (Pan)
  2 red devils (Pan)
  5 hellwings (Pan)
  A slime creature (Slime:5)
  A vampire (Crypt:3)
  6 ynoxinuls (Pan)
  8 chaos spawn (Pan)
  7 neqoxecs (Pan)
  A moth of wrath simulacrum (Zot:3)
  A crimson imp (Pan)
269 creatures vanquished.

Vanquished Creatures (others)
  A tentacled monstrosity (Zig:11)
  An eldritch tentacle (Pan)
  2 draconian monks (Zot:2)
  A draconian knight (Zig:23)
  A balrug (Zig:14)
  A fire giant (Zig:24)
  An eleionoma (Zig:22)
  2 black draconians (Zot:2)
  2 spark wasps
  A green death (Pan)
  A fire dragon (Zig:24)
  A hydra (Zig:11)
  A shock serpent (Zot:2)
  A hell knight (Depths:3)
  A death drake (Zig:22)
  A large abomination (Abyss:4)
  A hellion (Pan)
  A tormentor (Zig:14)
  A flying skull (Abyss:4)
  2 ynoxinuls
  A chaos spawn (Pan)
  2 ball lightnings (Zot:2)
  582 fire vortices
  A lurking horror (Abyss:4)
  16 starspawn tentacles
  11 tentacles
637 creatures vanquished.

Grand Total: 6158 creatures vanquished

Notes
Turn   | Place    | Note
-------+----------+-------------------------------------------
     0 | D:1      | KyoPewz the Deep Elf Air Elementalist began the quest for
                  | the Orb.
     0 | D:1      | Reached XP level 1. HP: 10/10 MP: 6/6
   225 | D:1      | Reached XP level 2. HP: 9/15 MP: 4/8
   228 | D:1      | Learned a level 2 spell: Static Discharge
   727 | D:1      | Reached XP level 3. HP: 19/19 MP: 7/9
  1710 | D:2      | Found a faded altar of an unknown god.
  2092 | D:2      | Reached XP level 4. HP: 24/24 MP: 7/10
  2843 | D:3      | Noticed Sigmund
  2911 | D:3      | Learned a level 4 spell: Airstrike
  2927 | D:3      | Reached skill level 5 in Air Magic
  3170 | D:3      | Killed Sigmund
  3171 | D:3      | Reached XP level 5. HP: 28/28 MP: 6/11
  3171 | D:3      | Reached XP level 6. HP: 32/32 MP: 6/12
  3311 | D:3      | Found a hazy altar of Hepliaklqana.
  3454 | D:4      | Found a sand-covered staircase.
  3494 | Ossuary  | Entered an ossuary
  4116 | Ossuary  | Learned a level 3 spell: Swiftness
  4341 | D:4      | Reached XP level 7. HP: 36/36 MP: 7/13
  4626 | D:4      | Noticed Pikel
  4768 | D:4      | Killed Pikel
  4769 | D:4      | Reached XP level 8. HP: 41/41 MP: 1/14
  5010 | D:4      | Noticed Eustachio
  5019 | D:4      | Killed Eustachio
  5020 | D:4      | Reached skill level 1 in Fire Magic
  5121 | D:4      | Reached skill level 10 in Air Magic
  5234 | D:4      | Found a snail-covered altar of Cheibriados.
  5622 | D:5      | Entered Level 5 of the Dungeon
  6192 | D:5      | Found a runed translucent gate.
  6192 | D:5      | Found a runed translucent gate.
  6192 | D:5      | Found a runed translucent gate.
  6467 | D:5      | Noticed LavenderCorpse's ghost (novice DENe)
  6467 | D:5      | Noticed Plommelars's ghost (amateur HOFi)
  6468 | D:5      | Noticed AndyM's ghost (amateur DgCj)
  6747 | D:5      | Noticed Blork the orc
  6753 | D:5      | Killed Blork the orc
  7020 | D:6      | Found a staircase to the Ecumenical Temple.
  7029 | Temple   | Entered the Ecumenical Temple
  7226 | Temple   | Became a worshipper of Vehumet
  7269 | D:6      | Reached skill level 5 in Fire Magic
  7441 | D:6      | Reached XP level 9. HP: 45/45 MP: 6/16
  7616 | D:6      | Identified the +0 robe "Bika" {Harm rF++ Str-2}
  7758 | D:6      | Identified the ring of the Saviour {Will+ AC+4}
  7948 | D:6      | Identified the staff of earth "Setamaer" {Str+3}
  7969 | D:7      | Found a flagged portal.
  7974 | Bailey   | Entered a bailey
  8095 | Bailey   | Reached skill level 5 in Spellcasting
  8311 | Bailey   | Reached * piety under Vehumet
  8311 | Bailey   | Offered knowledge of Magic Dart by Vehumet.
  8617 | Bailey   | Noticed an orc knight
  8623 | Bailey   | Killed an orc knight
  8631 | Bailey   | Learned a level 6 spell: Plasma Beam
  8714 | Bailey   | Noticed an orc warlord
  9393 | Bailey   | Reached skill level 10 in Fire Magic
  9393 | Bailey   | Reached XP level 10. HP: 56/56 MP: 19/19
  9454 | Bailey   | Killed an orc warlord
  9455 | Bailey   | Reached XP level 11. HP: 60/60 MP: 7/21
  9632 | D:7      | Learned a level 5 spell: Fireball
 10348 | D:7      | Offered knowledge of Poisonous Vapours by Vehumet.
 10349 | D:7      | Reached ** piety under Vehumet
 11122 | D:8      | Learned a level 2 spell: Poisonous Vapours
 11195 | D:8      | Found Kolad's Book Emporium.
 11198 | D:8      | Found Zuxte's Antique Weapon Emporium.
 11198 | D:8      | Found Ihuwucyich's Weapon Emporium.
 11204 | D:8      | Found Fonlywu's Book Emporium.
 11442 | D:8      | Offered knowledge of Mephitic Cloud by Vehumet.
 11589 | D:8      | Found a transporter.
 11625 | D:8      | Found a stormy altar of Qazlal.
 11810 | D:8      | Found a transporter.
 11961 | D:9      | Noticed Erica
 11964 | D:9      | Killed Erica
 11964 | D:9      | Reached *** piety under Vehumet
 11976 | D:9      | Noticed Joseph
 12127 | D:9      | Learned a level 3 spell: Mephitic Cloud
 12462 | D:9      | Killed Joseph
 12974 | D:9      | Found a runed translucent door.
 12976 | D:9      | Noticed AndyM's ghost (journeyman MiFi)
 13643 | D:10     | Entered Level 10 of the Dungeon
 13657 | D:10     | Found a staircase to the Orcish Mines.
 13682 | D:10     | Offered knowledge of Ignite Poison by Vehumet.
 14086 | D:10     | Noticed Nergalle
 14100 | D:10     | Killed Nergalle
 14516 | D:10     | Found a runed translucent door.
 14518 | D:10     | Found a runed translucent door.
 14873 | D:11     | Noticed a two-headed ogre
 14876 | D:11     | Killed a two-headed ogre
 14877 | D:11     | Reached skill level 10 in Spellcasting
 14877 | D:11     | Reached skill level 5 in Dodging
 14877 | D:11     | Reached XP level 12. HP: 68/68 MP: 13/28
 14878 | D:11     | Reached skill level 1 in Poison Magic
 14880 | D:11     | Reached skill level 5 in Fighting
 14898 | D:10     | Reached **** piety under Vehumet
 15041 | D:10     | Learned a level 3 spell: Ignite Poison
 15137 | D:11     | Found a staircase to the Lair.
 15295 | D:11     | Found a sacrificial altar of Ru.
 15328 | D:11     | Offered knowledge of Iskenderun's Mystic Blast by Vehumet.
 15460 | D:11     | Noticed a two-headed ogre
 15511 | D:11     | Killed a two-headed ogre
 16333 | D:1      | Identified a scroll of acquirement
 16533 | D:5      | Killed LavenderCorpse's ghost
 16539 | D:5      | Killed Plommelars's ghost
 16539 | D:5      | Killed AndyM's ghost
 16668 | D:8      | Learned a level 4 spell: Iskenderun's Mystic Blast
 16752 | D:8      | Identified the +1 cloak "Wietzuid" {Slay+3}
 16838 | D:9      | Killed AndyM's ghost
 17090 | Lair:1   | Entered Level 1 of the Lair of Beasts
 17144 | Lair:1   | Found the amulet of Elemental Vulnerability {rPois rF--
                  | rC-- AC+8}
 18225 | Lair:2   | Noticed Maggie
 18230 | Lair:2   | Killed Maggie
 18751 | Lair:2   | Noticed Sonja
 18754 | Lair:2   | Killed Sonja
 18755 | Lair:2   | Reached skill level 5 in Poison Magic
 19068 | Lair:2   | Reached XP level 13. HP: 75/75 MP: 27/31
 19103 | Lair:2   | Reached ***** piety under Vehumet
 19103 | Lair:2   | Offered knowledge of Yara's Violent Unravelling by Vehumet.
 19552 | Lair:2   | Found a staircase to the Shoals.
 19820 | Lair:2   | Found a staircase to the Snake Pit.
 20821 | Lair:3   | Reached skill level 1 in Evocations
 20996 | Lair:4   | Identified the +0 leather armour of Slovenliness {Harm
                  | Drain Regen+ Int+6}
 21336 | Lair:4   | Reached skill level 10 in Dodging
 22189 | Lair:5   | Entered Level 5 of the Lair of Beasts
 24228 | Lair:5   | Reached XP level 14. HP: 82/82 MP: 28/33
 24622 | Lair:5   | Reached skill level 5 in Evocations
 24635 | Lair:5   | Offered knowledge of Lee's Rapid Deconstruction by Vehumet.
 25595 | Lair:5   | Found a viscous altar of Jiyva.
 25595 | Lair:5   | Found a staircase to the Slime Pits.
 26920 | Lair:5   | Learned a level 6 spell: Starburst
 27772 | Lair:5   | Reached skill level 1 in Shields
 27890 | Lair:5   | Found a corrupted altar of Lugonu.
 27890 | Lair:5   | Found a one-way gate to the infinite horrors of the Abyss.
 28179 | Orc:1    | Entered Level 1 of the Orcish Mines
 28409 | Orc:1    | Noticed an orc warlord
 28414 | Orc:1    | Killed an orc warlord
 28415 | Orc:1    | Reached skill level 1 in Staves
 29354 | Orc:2    | Entered Level 2 of the Orcish Mines
 29561 | Orc:2    | Offered knowledge of Spellforged Servitor by Vehumet.
 29983 | Orc:2    | Found a staircase to the Elven Halls.
 29990 | Orc:2    | Noticed Donald
 29995 | Orc:2    | Killed Donald
 31061 | Orc:2    | Reached XP level 15. HP: 88/88 MP: 11/35
 31940 | Orc:2    | Found Uben's Magic Scroll Boutique.
 31940 | Orc:2    | Found Wutim's Armour Shoppe.
 31941 | Orc:2    | Found Lixit's Jewellery Shoppe.
 31941 | Orc:2    | Found Welerchuuq's Weapon Shop.
 31951 | Orc:2    | Bought a +0 pair of boots for 63 gold pieces
 32194 | Orc:2    | Bought a scroll of identify for 34 gold pieces
 32195 | Orc:2    | Bought a scroll of acquirement for 884 gold pieces
 32196 | Orc:2    | Bought the ring of the Cricket {rC+ rN++} for 637 gold
                  | pieces
 32329 | D:11     | Acquired the +2 pair of gloves "Hiecawiu" {SInv}
 32342 | D:11     | Acquired the +2 pair of slick slippers {slick, slippery,
                  | EV+4}
 32342 | D:11     | Found the +2 pair of slick slippers {slick, slippery, EV+4}
 32635 | D:12     | Identified the +1 leather armour "Peubrapuur" {Rampage
                  | rPois Regen+ Dex-2}
 33141 | D:12     | Offered knowledge of Eringya's Noxious Bog by Vehumet.
 33366 | D:12     | Reached skill level 5 in Staves
 35153 | D:13     | Found a gate to the Vaults.
 35281 | D:13     | Reached skill level 5 in Shields
 36227 | D:13     | Reached skill level 15 in Spellcasting
 36378 | D:13     | Got the Tome of the Fair Folk and Support
 36760 | D:13     | Reached skill level 10 in Conjurations
 37682 | D:14     | Found an ornate altar of the Wu Jian Council.
 38213 | D:14     | Offered knowledge of Orb of Destruction by Vehumet.
 38217 | D:14     | Reached XP level 16. HP: 96/96 MP: 22/37
 38399 | D:14     | Got Uniesuv's Papyrus of the Deathly Wyrd
 38742 | D:14     | Reached skill level 10 in Fighting
 38902 | D:14     | Found a runed translucent gate.
 38902 | D:14     | Noticed a lich
 38902 | D:14     | Noticed a lich
 38903 | D:14     | Found a runed translucent gate.
 38903 | D:14     | Found an ancient bone altar of Kikubaaqudgha.
 38904 | D:14     | Found a runed translucent gate.
 38904 | D:14     | Noticed a lich
 38904 | D:14     | Noticed a lich
 39001 | D:14     | Noticed Gabide's ghost (journeyman TrBe)
 39191 | D:15     | Entered Level 15 of the Dungeon
 39413 | D:15     | Found a broken altar of Ashenzari.
 39908 | D:15     | Found a staircase to the Depths.
 40558 | Orc:2    | Bought a +3 ring mail of poison resistance for 322 gold
                  | pieces
 40742 | Snake:1  | Entered Level 1 of the Snake Pit
 40742 | Snake:1  | Identified Roxanne's Tome of Earth
 40742 | Snake:1  | Noticed Roxanne
 40773 | Shoals:1 | Entered Level 1 of the Shoals
 40869 | Shoals:1 | Saving game... please wait.
 40965 | Shoals:1 | Learned a level 7 spell: Orb of Destruction
 41439 | Shoals:1 | Found Mevariw's Specific Store.
 41553 | Shoals:1 | Found Mepiskad's General Store.
 41602 | Shoals:1 | Offered knowledge of Irradiate by Vehumet.
 42922 | Shoals:2 | Noticed a kraken
 43104 | Shoals:2 | Killed a kraken
 43475 | Shoals:3 | Reached XP level 17. HP: 103/106 MP: 32/40
 43691 | Shoals:3 | Found a runed translucent gate.
 43691 | Shoals:3 | Found a runed translucent gate.
 43699 | Shoals:3 | Noticed Ilsuiw
 43768 | Shoals:3 | Found a runed translucent gate.
 44003 | Shoals:4 | Entered Level 4 of the Shoals
 44297 | Shoals:3 | Killed Ilsuiw
 44442 | Shoals:2 | Saving game... please wait.
 44555 | Shoals:3 | Offered knowledge of Maxwell's Capacitive Coupling by
                  | Vehumet.
 44996 | Shoals:4 | Identified the +0 leather armour "Wuisso" {Will++}
 45280 | Shoals:4 | Learned a level 8 spell: Maxwell's Capacitive Coupling
 45315 | Shoals:4 | Found a runed translucent door.
 45316 | Shoals:4 | Noticed ymhsbmbesitwf's ghost (adept HOFi)
 46023 | Shoals:4 | Noticed a kraken
 46029 | Shoals:4 | Killed a kraken
 46093 | Shoals:4 | Got a barnacled rune of Zot
 46564 | D:8      | Bought a manual of Translocations for 1120 gold pieces
 46753 | Vaults:1 | Entered Level 1 of the Vaults
 46992 | Vaults:1 | Noticed a lich
 46995 | Vaults:1 | Reached skill level 15 in Air Magic
 46996 | Vaults:1 | Killed a lich
 48135 | Vaults:1 | Reached XP level 18. HP: 112/112 MP: 10/42
 48254 | Vaults:1 | Reached skill level 15 in Conjurations
 48754 | Vaults:2 | Noticed Xtahua
 48850 | Vaults:2 | Noticed Mennas
 48861 | Vaults:2 | Killed Mennas
 48865 | Vaults:1 | Reached ****** piety under Vehumet
 48865 | Vaults:1 | Offered knowledge of Lehudib's Crystal Spear by Vehumet.
 48865 | Vaults:1 | Offered knowledge of Fire Storm by Vehumet.
 48865 | Vaults:1 | Offered knowledge of Ignition by Vehumet.
 49124 | Vaults:2 | Found a large runed translucent door.
 49124 | Vaults:2 | Found a large runed translucent door.
 49125 | Vaults:2 | Noticed Esekla's ghost (adept DENe)
 49815 | Vaults:2 | Found Rug Fyoh's Weapon Emporium.
 49909 | Vaults:2 | Killed Xtahua
 50907 | Vaults:3 | Found a staircase to the Crypt.
 51242 | Vaults:3 | Reached XP level 19. HP: 116/116 MP: 14/43
 51630 | Vaults:3 | Found Xeytoug's Assorted Antiques.
 53307 | Vaults:4 | Reached skill level 15 in Fire Magic
 53551 | Vaults:4 | Identified the +2 chain mail of Jeer {rPois Str+2 Dex+4
                  | Stlth+}
 53623 | Vaults:4 | Found a transporter.
 53646 | Vaults:4 | Noticed AgonHex's ghost (veteran HOFi)
 53671 | Vaults:4 | Found a transporter.
 53958 | Vaults:4 | Got Bukhebue's Spellbook of Hexes
 54984 | Snake:1  | Noticed Aizul
 54989 | Snake:1  | Killed Aizul
 55374 | Snake:1  | Learned a level 8 spell: Ignition
 55562 | Snake:2  | Reached skill level 1 in Translocations
 56439 | Snake:3  | Reached XP level 20. HP: 116/122 MP: 30/44
 56534 | Snake:3  | Reached skill level 5 in Translocations
 56648 | Snake:3  | Identified the +2 short sword "Mitosoc" {pain, *Rage rC+
                  | rCorr}
 57125 | Snake:4  | Entered Level 4 of the Snake Pit
 57125 | Snake:4  | Noticed Kirke
 57128 | Snake:4  | Killed Kirke
 57466 | Snake:4  | Found Irumut's Antique Weapon Shoppe.
 57659 | Snake:4  | Found Dininn's Book Boutique.
 57660 | Snake:4  | Found Jaahax's Jewellery Emporium.
 57661 | Snake:4  | Found Yqucudio's Book Boutique.
 57667 | Snake:4  | Acquired 1213 gold pieces
 57669 | Snake:4  | Bought a manual of Fire Magic for 1520 gold pieces
 57669 | Snake:4  | Bought a book of Spatial Translocations for 342 gold pieces
 57672 | Snake:4  | Learned a level 2 spell: Blink
 58244 | Snake:4  | Got a serpentine rune of Zot
 58422 | Snake:1  | Killed Roxanne
 58640 | Depths:1 | Entered Level 1 of the Depths
 58832 | D:14     | Killed Gabide's ghost
 58928 | D:14     | Got Kikubaaqudgha's Folio of Despicable Rites
 58936 | D:14     | Identified the +2 helmet "Risig" {rF+}
 58953 | D:14     | Identified the ring "Fogos" {Fire Drain rElec rN+ Slay+2}
 58957 | D:14     | Identified the amulet of Moziomeh {Reflect Fly Int-4 SH+5
                  | Stlth+}
 59607 | Depths:1 | Found an ancient bone altar of Kikubaaqudgha.
 59816 | Depths:1 | Found a gateway to Hell.
 60736 | Depths:1 | Found a shimmering blue altar of Sif Muna.
 61008 | Depths:1 | Reached XP level 21. HP: 128/128 MP: 26/45
 61337 | Depths:2 | Identified the +1 long sword of the Hills {drain, Dex+3}
 61437 | Depths:2 | Noticed a caustic shrike
 61440 | Depths:2 | Killed a caustic shrike
 61809 | Depths:2 | Noticed a caustic shrike
 61822 | Depths:2 | Killed a caustic shrike
 62575 | Depths:2 | Noticed a caustic shrike
 62583 | Depths:2 | Killed a caustic shrike
 62832 | Depths:2 | Found a one-way gate leading to the halls of Pandemonium.
 63031 | Depths:2 | Found Ytsem's Self-Improvement Boutique.
 63056 | Depths:2 | You fall into a shaft and drop 2 floors!
 63056 | Depths:4 | Entered Level 4 of the Depths
 63594 | Depths:2 | Found a one-way gateway to a ziggurat.
 63686 | Depths:2 | Identified the +3 spear of Righteous Anger {flame, rF+
                  | Int+2}
 64965 | Depths:3 | Reached XP level 22. HP: 135/135 MP: 45/47
 65222 | Depths:3 | Noticed a golden dragon
 65228 | Depths:3 | Killed a golden dragon
 66129 | Depths:3 | Found a snail-covered altar of Cheibriados.
 66746 | Depths:4 | Found a gate to the Realm of Zot.
 67619 | Elf:1    | Entered Level 1 of the Elven Halls
 67702 | Elf:1    | Noticed Frances
 67705 | Elf:1    | Killed Frances
 67706 | Elf:1    | Reached skill level 15 in Dodging
 68204 | Elf:1    | Noticed Asterion
 68206 | Elf:1    | Killed Asterion
 68331 | Elf:1    | Identified the +1 leather armour of Bur Mem {rPois Str+3}
 68934 | Elf:2    | Found a frozen archway.
 68963 | Elf:2    | Acquired 621 gold pieces
 68965 | Elf:2    | Reached XP level 23. HP: 140/140 MP: 18/48
 69009 | IceCv    | Entered an ice cave
 69464 | IceCv    | Noticed a shard shrike
 69469 | IceCv    | Killed a shard shrike
 69612 | IceCv    | Found the +3 giant club "Skullcrusher" {speed, Str+7}
 69614 | IceCv    | Identified the +1 plate armour "Asseheig" {Dex+4}
 69748 | Elf:2    | Found Edghis's General Store.
 69763 | Elf:2    | Found a runed translucent gate.
 69763 | Elf:2    | Found a runed translucent gate.
 69763 | Elf:2    | Found a runed translucent gate.
 69802 | Elf:2    | Found a runed translucent gate.
 69802 | Elf:2    | Found a runed translucent gate.
 69802 | Elf:2    | Found a runed translucent gate.
 70074 | Elf:3    | Entered Level 3 of the Elven Halls
 70202 | Elf:3    | Found Ureyps Veiga's Assorted Antiques.
 70210 | Elf:3    | Bought a scroll of enchant armour for 157 gold pieces
 70210 | Elf:3    | Bought a potion of heal wounds for 105 gold pieces
 71075 | Elf:3    | Noticed Saint Roka
 71077 | Elf:3    | Killed Saint Roka
 71184 | Elf:3    | Reached XP level 24. HP: 148/148 MP: 38/49
 71518 | Depths:2 | Bought a manual of Air Magic for 1280 gold pieces
 71529 | Depths:2 | Learned a level 9 spell: Fire Storm
 71998 | Elf:3    | Identified the +4 robe of a Million Artists {Harm rC-
                  | Dex+3}
 72338 | Elf:3    | Identified the amulet of Darkness {Regen+ rCorr Dex+2}
 72417 | Elf:3    | Saving game... please wait.
 72432 | Elf:3    | Identified the +1 quick blade of Yrrier {venom, Will+ Str-3
                  | Dex+4 Stlth+}
 72434 | Elf:3    | Identified the +10 mace of the Forest {spect, rCorr}
 72767 | Elf:3    | Identified the staff of poison "Kareseha" {rPois rC- rN++
                  | Str-4 SInv}
 72771 | Elf:3    | Identified the staff of fire "Wyenoir" {*Corrode rF+ Int+4
                  | Dex+3}
 73529 | Vaults:3 | Bought a glowing leather armour for 215 gold pieces
 74464 | Shoals:3 | Identified the +0 plate armour of Generosity {Str+3}
 74530 | Shoals:4 | Killed ymhsbmbesitwf's ghost
 74633 | Shoals:4 | Identified the +4 ring mail "Uvotigok" {rN+ Str-2 Stlth+}
 74765 | Slime:1  | Entered Level 1 of the Pits of Slime
 77585 | Slime:3  | Reached skill level 15 in Fighting
 77801 | Slime:3  | Noticed Dissolution
 77804 | Slime:3  | Killed Dissolution
 79107 | Slime:5  | Entered Level 5 of the Pits of Slime
 79460 | Slime:5  | Reached XP level 25. HP: 150/156 MP: 15/49
 79636 | Slime:5  | Noticed the Royal Jelly
 80592 | Slime:5  | Killed the Royal Jelly
 80775 | Slime:5  | Found the +8 autumn katana {manifold assault}
 80817 | Slime:5  | Identified the +0 rapier of the Sun {drain, rF+ Dex+3}
 80835 | Slime:5  | Found the ring of the Mage {Wiz Archmagi}
 80854 | Slime:5  | Got a slimy rune of Zot
 81683 | Zot:1    | Entered Level 1 of the Realm of Zot
 83948 | Zot:2    | Identified the +4 pair of gloves of Indomitability {Dex+6}
 85134 | Zot:3    | Identified the ring "Tiytel" {Ice rElec Str+5}
 85134 | Zot:3    | Noticed Josephina
 85137 | Zot:3    | Killed Josephina
 85138 | Zot:3    | Reached skill level 10 in Shields
 86085 | Zot:3    | Identified the +3 spear of Woaro {spect, rN+ Dex+3 SInv}
 86472 | Zot:3    | Learned a level 8 spell: Lehudib's Crystal Spear
 86472 | Zot:3    | Saving game... please wait.
 86565 | Zot:4    | Reached skill level 1 in Long Blades
 86964 | Zot:4    | Noticed an orb of fire
 86968 | Zot:4    | Killed an orb of fire
 86969 | Zot:4    | Reached skill level 1 in Earth Magic
 87418 | Zot:4    | Reached XP level 26. HP: 165/165 MP: 39/49
 87940 | Zot:4    | Got Vanaofui's Atlas of The Black Sun
 88015 | Zot:4    | Reached skill level 5 in Earth Magic
 90264 | Elf:2    | Found Edghis's General Store.
 91002 | Vaults:2 | Killed Esekla's ghost
 91050 | Vaults:2 | Identified the +4 flail "Zemon" {antimagic, Int+2}
 91245 | Crypt:1  | Entered Level 1 of the Crypt
 92203 | Crypt:1  | Found a runed translucent gate.
 92204 | Crypt:1  | Found a runed translucent gate.
 92205 | Crypt:1  | Found a runed translucent gate.
 92205 | Crypt:1  | Noticed Tikhodghonn's ghost (veteran GrEE)
 92207 | Crypt:1  | Noticed Heot Zafel's ghost (veteran MiGl)
 92207 | Crypt:1  | Noticed Boucumua's ghost (adept MiFi)
 92376 | Crypt:1  | Killed Tikhodghonn's ghost
 92396 | Crypt:1  | Killed Boucumua's ghost
 93036 | Crypt:1  | Killed Heot Zafel's ghost
 93069 | Crypt:1  | Identified the +0 pair of gloves of the Scribe {Harm rCorr
                  | Dex+2 SInv}
 93074 | Crypt:1  | Got the Anthology of Cleavage and Infection
 94673 | Crypt:3  | Entered Level 3 of the Crypt
 94905 | Crypt:3  | Noticed an ancient lich
 94913 | Crypt:3  | Killed an ancient lich
 95575 | Crypt:3  | Noticed an ancient lich
 95578 | Crypt:3  | Killed an ancient lich
 96786 | Crypt:3  | Found a staircase to the Tomb.
 96982 | Crypt:3  | Reached skill level 10 in Earth Magic
 98382 | Crypt:3  | Identified the ring of Exhibitionism {rC+ rN+}
 98382 | Crypt:3  | Noticed Jory
 98388 | Crypt:3  | Killed Jory
 98760 | Crypt:3  | Got the Tome of the Undead
 98953 | Crypt:3  | Identified the ring "Busymn" {rElec rN+}
 98953 | Crypt:3  | Identified the ring of Xaptecs {rN+ Int+3}
 98976 | Crypt:3  | Identified the staff of conjuration "Wuopnu" {rN+ Str+3}
 99172 | Vaults:5 | Entered Level 5 of the Vaults
 99174 | Vaults:5 | Reached XP level 27. HP: 171/171 MP: 49/49
 99218 | Vaults:5 | Reached skill level 27 in Fire Magic
 99620 | Vaults:5 | Identified the ring "Myph" {Str+4 Dex+6}
100076 | Vaults:5 | Found the +12 glaive of Prune {freeze, Prune}
100088 | Vaults:5 | Noticed a dread lich
100092 | Vaults:5 | Killed a dread lich
100362 | Vaults:5 | Identified the +10 scimitar of Misery {spect, Fly rPois
                  | Will+ Int+3}
100675 | Vaults:5 | Identified the +8 chain mail "Lenock" {Int+2}
100723 | Vaults:5 | Got a silver rune of Zot
100856 | Vaults:5 | Identified the staff of poison "Ysepn" {rElec rPois Str-3
                  | Int+9}
102639 | Depths:2 | Bought a manual of Armour for 1280 gold pieces
102746 | Depths:4 | Voluntarily entered the Abyss.
103060 | Abyss:2  | Reached skill level 1 in Armour
104182 | Abyss:3  | Reached skill level 5 in Armour
104186 | Depths:4 | Escaped the Abyss
104333 | Depths:4 | Voluntarily entered the Abyss.
104364 | Abyss:4  | Found a corrupted altar of Lugonu.
104424 | Abyss:4  | Reached skill level 15 in Shields
104678 | Abyss:4  | Found a corrupted altar of Lugonu.
104741 | Abyss:4  | Found a corrupted altar of Lugonu.
104760 | Abyss:4  | Found a corrupted altar of Lugonu.
104883 | Abyss:4  | Reached skill level 15 in Earth Magic
104935 | Abyss:4  | Got an abyssal rune of Zot
104990 | Depths:4 | Escaped the Abyss
105265 | Hell     | Entered the Vestibule of Hell
105271 | Hell     | Reached skill level 1 in Throwing
105428 | Hell     | Noticed Geryon
105634 | Hell     | Reached skill level 10 in Armour
105692 | Hell     | Killed Geryon
105738 | Hell     | Found a gateway to the ashen valley of Gehenna.
105890 | Hell     | Reached skill level 5 in Throwing
106830 | Hell     | Found a gateway to the decaying netherworld of Tartarus.
107064 | Hell     | Found a gateway to the freezing wastes of Cocytus.
107195 | Hell     | Found a gateway to the Iron City of Dis.
107373 | Coc:1    | Entered Level 1 of Cocytus
107375 | Coc:1    | Paralysed by a wendigo for 1 turns
109600 | Depths:4 | Voluntarily entered the Abyss.
109957 | Depths:4 | Escaped the Abyss
110097 | Depths:4 | Voluntarily entered the Abyss.
110120 | Abyss:4  | Found a corrupted altar of Lugonu.
110131 | Abyss:4  | Found a blossoming altar of Fedhas.
110306 | Abyss:4  | Found a corrupted altar of Lugonu.
110345 | Abyss:4  | Found a corrupted altar of Lugonu.
110365 | Abyss:4  | Paralysed by accursed screaming for 1 turns
110404 | Depths:4 | Escaped the Abyss
111266 | Coc:6    | Paralysed by a wendigo for 1 turns
111649 | Coc:7    | Entered Level 7 of Cocytus
111724 | Tar:1    | Entered Level 1 of Tartarus
113712 | Tar:6    | HP: 7/171 [??? (2)]
114018 | Tar:7    | Entered Level 7 of Tartarus
115093 | Tar:7    | Noticed a dread lich
115096 | Tar:7    | Killed a dread lich
115368 | Tar:7    | Noticed an ancient lich
115370 | Tar:7    | Killed an ancient lich
115678 | Tar:7    | Identified the staff of death "Sugoim" {rElec rN+}
115681 | Tar:7    | Identified the ring of Inlub {rC++ rN+ Will+ Dex+3}
116949 | Tar:7    | Noticed a dread lich
116951 | Tar:7    | Killed a dread lich
117139 | Tar:7    | Reached skill level 10 in Evocations
117501 | Tar:7    | Noticed Ereshkigal
117821 | Depths:4 | Saving game... please wait.
118644 | Vaults:4 | Identified the amulet "Tompir" {Reflect rN+ Regen+ Slay+3
                  | SH+5}
119331 | Snake:4  | Bought a book of Power for 504 gold pieces
119339 | Snake:4  | Learned a level 7 spell: Spellforged Servitor
120359 | Depths:4 | Learned a level 5 spell: Yara's Violent Unravelling
120390 | Depths:4 | Voluntarily entered the Abyss.
120487 | Abyss:4  | Reached skill level 1 in Hexes
120487 | Abyss:4  | Paralysed by accursed screaming for 2 turns
120493 | Abyss:4  | Reached skill level 1 in Transmutations
120497 | Abyss:4  | Reached skill level 1 in Summonings
120512 | Abyss:4  | Gained mutation: You sometimes lose your temper in combat.
                  | [a neqoxec]
120514 | Abyss:4  | Gained mutation: You are strong-willed. (Will+) [a neqoxec]
120596 | Depths:4 | Escaped the Abyss
120740 | Depths:4 | Lost mutation: You are strong-willed. (Will+) [potion of
                  | mutation]
120740 | Depths:4 | Lost mutation: You sometimes lose your temper in combat.
                  | [potion of mutation]
120740 | Depths:4 | Gained mutation: Your system is resistant to poisons.
                  | (rPois) [potion of mutation]
120740 | Depths:4 | Gained mutation: Armour fits poorly on your strangely
                  | shaped body. [potion of mutation]
120740 | Depths:4 | Gained mutation: Your flesh is heat resistant. (rF+)
                  | [potion of mutation]
120876 | Pan      | Entered Pandemonium
120887 | Pan      | Reached skill level 5 in Long Blades
120924 | Pan      | Noticed Luyd the pandemonium lord
120927 | Pan      | Killed Luyd the pandemonium lord
121958 | Pan      | Reached skill level 5 in Hexes
122248 | Pan      | Noticed Yqyaguur the pandemonium lord
122250 | Pan      | Killed Yqyaguur the pandemonium lord
122439 | Pan      | Reached skill level 5 in Transmutations
122515 | Pan      | Reached skill level 5 in Summonings
123235 | Pan      | Found an exit through the horrors of the Abyss.
123294 | Pan      | Identified the staff of earth "Pubatid" {rC- Dex+4}
124225 | Pan      | Noticed Mothite the pandemonium lord
124232 | Pan      | Killed Mothite the pandemonium lord
124828 | Pan      | Reached skill level 10 in Long Blades
124896 | Pan      | Noticed Leblygam the pandemonium lord
124899 | Pan      | Killed Leblygam the pandemonium lord
124936 | Pan      | Gained mutation: You do not regenerate when monsters are
                  | visible. [a neqoxec]
124946 | Pan      | Gained mutation: You passively map a small area around you.
                  | [a neqoxec]
124950 | Pan      | Lost mutation: You do not regenerate when monsters are
                  | visible. [potion of mutation]
124950 | Pan      | Lost mutation: Your flesh is heat resistant. (rF+) [potion
                  | of mutation]
124950 | Pan      | Lost mutation: Armour fits poorly on your strangely shaped
                  | body. [potion of mutation]
124950 | Pan      | Lost mutation: Your system is resistant to poisons. (rPois)
                  | [potion of mutation]
124950 | Pan      | Gained mutation: Your system is resistant to poisons.
                  | (rPois) [potion of mutation]
125188 | Pan      | Gained mutation: You occasionally shout uncontrollably at
                  | your foes. [a neqoxec]
125189 | Pan      | Gained mutation: Potions are less effective at restoring
                  | your health. [a neqoxec]
126889 | Pan      | Identified the +2 robe of Ignis's Envy {Dex+2}
127215 | Pan      | Reached skill level 10 in Summonings
127780 | Pan      | Noticed a seraph
127794 | Pan      | Lost mutation: Potions are less effective at restoring your
                  | health. [potion of mutation]
127794 | Pan      | Lost mutation: You passively map a small area around you.
                  | [potion of mutation]
127794 | Pan      | Gained mutation: Armour fits poorly on your strangely
                  | shaped body. [potion of mutation]
127794 | Pan      | Gained mutation: You are weak. (Str -2) [potion of
                  | mutation]
127794 | Pan      | Gained mutation: You are partially covered in iridescent
                  | scales. (AC +2) [potion of mutation]
128663 | Pan      | Reached skill level 10 in Staves
129018 | Pan      | Identified the +1 ring mail of Sif Muna's Delight {rC+
                  | Dex+3}
129840 | Pan      | Identified the +6 rapier "Sunn" {holy, rF+ Str+3}
129840 | Pan      | Identified the ring "Lakiup" {MP+9 Str+2}
130291 | Pan      | Found a glowing silver altar of Zin.
130793 | Pan      | Identified the ring of the Nine Friends {*Corrode rN+ Will+
                  | Str+3}
131004 | Pan      | Found a white marble altar of Elyvilon.
131443 | Pan      | Identified the +0 buckler of the Chupacabra {-Tele Rampage
                  | rF+ Dex+3}
132626 | Pan      | Identified the +0 scale mail of the Forsaken Portals {SInv}
132662 | Pan      | Identified the +1 leather armour of Philately {Str+3}
132724 | Pan      | Identified the amulet "Zeupa Doarph" {*Slow Regen+ Slay+5}
132728 | Pan      | Killed a seraph
132819 | Pan      | Found a glowing golden altar of the Shining One.
132829 | Pan      | Got a demonic rune of Zot
132851 | Pan      | Identified the +1 sling "Moaggud" {drain, +Blink Int+2
                  | Dex+4}
133606 | Pan      | Found a glowing golden altar of the Shining One.
134771 | Pan      | Found a glowing silver altar of Zin.
136037 | Pan      | Reached skill level 15 in Armour
136389 | Pan      | Reached skill level 15 in Evocations
139940 | Depths:2 | Escaped Pandemonium
140036 | Depths:4 | Acquired a +2 double sword of electrocution
140060 | Pan      | Entered Pandemonium
140448 | Pan      | Noticed Xuphoc the pandemonium lord
140458 | Pan      | Killed Xuphoc the pandemonium lord
140567 | Pan      | Reached skill level 1 in Ice Magic
141593 | Pan      | Identified the staff of poison "Kerosocw" {rPois rC+ Int+4}
141801 | Pan      | Found an exit through the horrors of the Abyss.
142011 | Pan      | Entered the realm of Mnoleg.
142449 | Pan      | Identified the staff of earth "Eminwyr" {Dex+2}
142622 | Pan      | Gained mutation: You are frail. (-10% HP) [a cacodemon]
142786 | Pan      | Lost mutation: You occasionally shout uncontrollably at
                  | your foes. [potion of mutation]
142786 | Pan      | Lost mutation: Your system is resistant to poisons. (rPois)
                  | [potion of mutation]
142786 | Pan      | Gained mutation: Your system is resistant to poisons.
                  | (rPois) [potion of mutation]
142786 | Pan      | Gained mutation: You have a pair of small horns on your
                  | head. [potion of mutation]
142786 | Pan      | Lost mutation: You are weak. (Str -2) [potion of mutation]
142786 | Pan      | Gained mutation: Your muscles are strong. (Str +4, Int/Dex
                  | -1) [potion of mutation]
142787 | Pan      | Lost mutation: Your system is resistant to poisons. (rPois)
                  | [potion of mutation]
142787 | Pan      | Lost mutation: Armour fits poorly on your strangely shaped
                  | body. [potion of mutation]
142787 | Pan      | Lost mutation: You are frail. (-10% HP) [potion of
                  | mutation]
142947 | Pan      | Noticed Mnoleg
142972 | Pan      | Killed Mnoleg
142973 | Pan      | Reached skill level 10 in Translocations
142998 | Pan      | Gained mutation: You are vulnerable to cold. (rC-) [a
                  | neqoxec]
143163 | Pan      | Got a glowing rune of Zot
143470 | Pan      | Reached skill level 5 in Ice Magic
143610 | Pan      | Noticed Uthicran the pandemonium lord
143620 | Pan      | Killed Uthicran the pandemonium lord
144029 | Pan      | Identified the +3 chain mail of Peek-a-Boo {rF+ Regen+}
145358 | Pan      | Noticed Niythix the pandemonium lord
145368 | Pan      | Killed Niythix the pandemonium lord
146487 | Pan      | Found an exit through the horrors of the Abyss.
146775 | Pan      | Found a huge runed translucent gate.
146862 | Pan      | Found a huge runed translucent gate.
146863 | Pan      | Found a huge runed translucent gate.
146864 | Pan      | Found a huge runed translucent gate.
146866 | Pan      | Found a huge runed translucent gate.
146868 | Pan      | Found a huge runed translucent gate.
147249 | Pan      | Found a huge runed translucent gate.
147255 | Pan      | Noticed Soesohis the pandemonium lord
147259 | Pan      | Killed Soesohis the pandemonium lord
147436 | Pan      | Found a runed translucent door.
147600 | Pan      | Found an exit through the horrors of the Abyss.
147716 | Pan      | Identified the +7 quarterstaff "Worm" {flame, rElec}
147751 | Pan      | Reached skill level 15 in Translocations
148576 | Pan      | Noticed Ress the pandemonium lord
148635 | Pan      | Killed Ress the pandemonium lord
148850 | Pan      | Noticed Ublosu the pandemonium lord
148853 | Pan      | Killed Ublosu the pandemonium lord
149342 | Pan      | Identified the +0 scale mail "Ewneelou" {Str+3}
150258 | Pan      | Noticed Orphitax the pandemonium lord
150263 | Pan      | Killed Orphitax the pandemonium lord
150898 | Pan      | Gained mutation: You occasionally lose the ability to read
                  | scrolls when taking damage. [a neqoxec]
150985 | Pan      | Lost mutation: Your muscles are strong. (Str +4, Int/Dex
                  | -1) [potion of mutation]
150985 | Pan      | Lost mutation: You are vulnerable to cold. (rC-) [potion of
                  | mutation]
150985 | Pan      | Gained mutation: You are mostly covered in iridescent
                  | scales. (AC +4) [potion of mutation]
150985 | Pan      | Gained mutation: You are frail. (-10% HP) [potion of
                  | mutation]
150986 | Pan      | Lost mutation: You are frail. (-10% HP) [potion of
                  | mutation]
150986 | Pan      | Lost mutation: You occasionally lose the ability to read
                  | scrolls when taking damage. [potion of mutation]
150986 | Pan      | Lost mutation: You have a pair of small horns on your head.
                  | [potion of mutation]
150986 | Pan      | Gained mutation: Your magical capacity is low. (-10% MP)
                  | [potion of mutation]
150986 | Pan      | Gained mutation: Your flesh is heat resistant. (rF+)
                  | [potion of mutation]
151107 | Pan      | Gained mutation: Your muscles are strong. (Str +4, Int/Dex
                  | -1) [a neqoxec]
151136 | Pan      | Found an exit through the horrors of the Abyss.
151311 | Pan      | Entered the realm of Gloorx Vloq.
151389 | Pan      | Zkahoot: blink?
151465 | Pan      | Zkahoot: damn wp
151480 | Pan      | KyoPewz: only got 1 blink scroll
151480 | Pan      | KyoPewz: and theyre so fast anyway
151480 | Pan      | Zkahoot: true
151480 | Pan      | Zkahoot: didnt know ur blink count
151480 | Pan      | KyoPewz: they rarely hit me tho so I was probably safer
                  | than it seemed
151480 | Pan      | KyoPewz: can melee em down pretty easily
151480 | Pan      | Zkahoot: ye u know ur char better prob
151535 | Pan      | Zkahoot: i dont play melee alot
151538 | Pan      | KyoPewz: technically im blastercaster lmao
151538 | Pan      | KyoPewz: but autumn katana is really good so im doing a bit
                  | of both
151559 | Pan      | Noticed Gloorx Vloq
151562 | Pan      | Zkahoot: ye u have 15 str and 17 dex
151562 | Pan      | Zkahoot: my current extended is 4str pure blaster DE
151562 | Pan      | Zkahoot: anti torm?
151571 | Pan      | HP: 8/180 [Executioner[Gloorx Vloq] (2)]
151574 | Pan      | Killed Gloorx Vloq
151689 | Pan      | Zkahoot: WP
151689 | Pan      | Zkahoot: nicee
151689 | Pan      | Zkahoot: close one
151689 | Pan      | KyoPewz: holy moly
151689 | Pan      | Zkahoot: wow
151689 | Pan      | Zkahoot: clutch af
151689 | Pan      | KyoPewz: i was tempted to just try and chug a heal pot
                  | since theyre so fast
151689 | Pan      | KyoPewz: but idk i think that was losing
151689 | Pan      | KyoPewz: was slowed too
151689 | Pan      | Zkahoot: heal woudlve killed you
151689 | Pan      | KyoPewz: just rough all around
151689 | Pan      | Zkahoot: thank god for blink
151689 | Pan      | KyoPewz: yeah most likely
151728 | Pan      | Got a dark rune of Zot
151820 | Pan      | Zkahoot: how many pan runes left?
151831 | Pan      | KyoPewz: 2
151831 | Pan      | Zkahoot: ez
152289 | Pan      | Found an exit through the horrors of the Abyss.
152973 | Pan      | Noticed Xuohesyd the pandemonium lord
152978 | Pan      | Killed Xuohesyd the pandemonium lord
152984 | Pan      | Zkahoot: unless you want xp id skip floors till rune
152985 | Pan      | KyoPewz: nah i want xp
152985 | Pan      | KyoPewz: and theyre pretty easy
153454 | Pan      | Found an exit through the horrors of the Abyss.
154113 | Pan      | Entered the realm of Cerebov.
154901 | Pan      | Identified the +1 dire flail "Rocvofon" {pain, +Blink Str-3
                  | SInv Stlth-}
155614 | Pan      | Found the +6 sword of Cerebov {flame}
155614 | Pan      | Noticed Cerebov
155714 | Pan      | Acquired Neorhomn's Handbook of Galvanic Ill Luck
155728 | Pan      | Learned a level 9 spell: Chain Lightning
155860 | Pan      | Learned a level 1 spell: Apportation
155960 | Pan      | Identified the ring "Teedgh" {Fire Contam Str+4 Int+2
                  | Dex+4}
156039 | Pan      | Identified the staff of cold "Nabrust" {Fly rC+}
156056 | Pan      | Identified the +2 pair of gloves of Lohido {rC+ rN+}
156097 | Pan      | Identified the ring of Abras {rElec Str+6}
156130 | Pan      | Identified the ring "Wyackybi" {Fly AC+4 Int+3}
156144 | Pan      | Identified the +1 broad axe of Neruij {vamp, rN+ Int+3}
156183 | Pan      | Killed Cerebov
156259 | Pan      | Zkahoot: ez
156260 | Pan      | KyoPewz: ez
156260 | Pan      | KyoPewz: almost got griefed by slippers
156294 | Pan      | Got a fiery rune of Zot
156399 | Pan      | Gained mutation: You are occasionally teleported next to
                  | monsters. [a cacodemon]
156540 | Pan      | Noticed Nalidoa the pandemonium lord
156543 | Pan      | Zkahoot: u can always cancel po
156543 | Pan      | Zkahoot: t
156543 | Pan      | Zkahoot: and tp
156543 | Pan      | KyoPewz: true i do forget about that
156607 | Pan      | Gained mutation: You have hidden genetic defects. [a
                  | neqoxec]
156913 | Pan      | Identified the +2 glaive "Zihon" {protect, rN+}
156920 | Pan      | Found an exit through the horrors of the Abyss.
157007 | Pan      | Killed Nalidoa the pandemonium lord
158329 | Pan      | Took an exit into the Abyss.
158329 | Abyss:4  | Escaped into the Abyss
158340 | Depths:4 | Escaped the Abyss
158654 | Orc:2    | Bought a ring of resist corrosion for 300 gold pieces
158926 | Pan      | Entered the realm of Lom Lobon.
158926 | Pan      | Entered Pandemonium
159058 | Pan      | Found an exit through the horrors of the Abyss.
159309 | Pan      | Gained mutation: Your magical capacity is very low. (-20%
                  | MP) [hidden defects]
159434 | Pan      | Noticed Lom Lobon
159435 | Pan      | KyoPewz: yaaaay
159435 | Pan      | KyoPewz: fun
159435 | Pan      | Zkahoot: gl
159436 | Pan      | Zkahoot: hope u have rc+++
159630 | Pan      | Zkahoot: lmaoo
159630 | Pan      | KyoPewz: game says no
160187 | Pan      | Killed Lom Lobon
160280 | Pan      | KyoPewz: ez
160280 | Pan      | Zkahoot: bro
160280 | Pan      | Zkahoot: he died??
160280 | Pan      | KyoPewz: Maxwells OP
160282 | Pan      | Zkahoot: wow
160293 | Pan      | Zkahoot: ive never used it
160296 | Pan      | Got a magical rune of Zot
160304 | Pan      | Zkahoot: ill be honest
160306 | Pan      | Zkahoot: damnn
160306 | Pan      | KyoPewz: u gotta stand still for 3-7 turns based on
                  | spellpower
160306 | Pan      | KyoPewz: and then it insta kills the closest target
160306 | Pan      | Zkahoot: wow
160306 | Pan      | KyoPewz: bit lucky they didnt summon lightning balls or it
                  | wouldve targeted those
160306 | Pan      | Zkahoot: woudlve been nice for cerb in my run
160306 | Pan      | KyoPewz: yeah its crazy good
160415 | Pan      | Zkahoot: whats next? hell?
160529 | Pan      | Zkahoot: id do coc on a caster with necromutation
160529 | Pan      | KyoPewz: ive peeked into hell a bit already
160529 | Pan      | Zkahoot: but idk here
160529 | Pan      | Zkahoot: oh nice
160529 | Pan      | KyoPewz: well not really because now if i want to go back i
                  | have to descend 7 stairs and get hell punishments without
                  | mobs to clear it off
160529 | Pan      | KyoPewz: i tried going back in and i kept getting hp
                  | drained every time
160529 | Pan      | KyoPewz: so nasty
160529 | Pan      | Zkahoot: ouch
160529 | Pan      | Zkahoot: new branch then
160529 | Pan      | Zkahoot: u done zig?
160529 | Pan      | KyoPewz: not yet
160529 | Pan      | KyoPewz: got tomb too
160529 | Pan      | Zkahoot: u did tomb?
160529 | Pan      | KyoPewz: no
160529 | Pan      | Zkahoot: thank god
160529 | Pan      | Zkahoot: i was like wtf
160529 | Pan      | KyoPewz: lmao
160529 | Pan      | Zkahoot: go zig
160529 | Pan      | Zkahoot: u got 20+ ez
160529 | Pan      | Zkahoot: with ignition
160529 | Pan      | KyoPewz: im scared tho because i kinda wanna finish zig and
                  | go "infinite"
160529 | Pan      | Zkahoot: u have another zig in tomb
160529 | Pan      | KyoPewz: true
160570 | Pan      | Took an exit into the Abyss.
160570 | Abyss:4  | Escaped into the Abyss
160581 | Depths:4 | Escaped the Abyss
160681 | Depths:2 | Zkahoot: what u doing for skills?
160685 | Zig:1    | Entered Level 1 of a ziggurat
160687 | Zig:1    | Zkahoot: u get a shitton xp here
160701 | Zig:2    | Entered Level 2 of a ziggurat
160824 | Zig:3    | Entered Level 3 of a ziggurat
160859 | Zig:3    | Identified the staff of cold "Fucup" {rPois rC+ rN+}
160866 | Zig:4    | Entered Level 4 of a ziggurat
160941 | Zig:4    | Identified the ring "Lebix" {rF- AC+4 Str+2 Dex+2 SInv}
160943 | Zig:4    | Zkahoot: vehumet + zig is always fun
160945 | Zig:4    | Identified the +9 morningstar of Upheaval {heavy, rC- rN+
                  | Int+5}
160950 | Zig:5    | Entered Level 5 of a ziggurat
160955 | Zig:5    | Noticed a royal mummy
160959 | Zig:5    | Killed a royal mummy
161048 | Zig:5    | Identified the ring of the Magpie {MP+9 Int+3}
161050 | Zig:5    | Zkahoot: u got anything anti torment?
161068 | Zig:5    | Zkahoot: statue form or necro?
161068 | Zig:5    | KyoPewz: not really just rN+++
161068 | Zig:5    | KyoPewz: got the spells tho
161068 | Zig:5    | Zkahoot: id go for atleast one
161068 | Zig:5    | Zkahoot: the anti torm is useful af
161068 | Zig:5    | Zkahoot: i mean
161068 | Zig:5    | KyoPewz: ya
161068 | Zig:5    | Zkahoot: u can just lig pot
161068 | Zig:5    | Zkahoot: but still
161068 | Zig:5    | KyoPewz: just been too busy blasting
161068 | Zig:5    | Zkahoot: u got ur spells up
161068 | Zig:5    | Zkahoot: id forget IMB tbh
161068 | Zig:5    | KyoPewz: yea thats what i was thinking
161068 | Zig:5    | Zkahoot: low dmg
161068 | Zig:5    | Zkahoot: enemies fast
161068 | Zig:5    | Zkahoot: no use
161068 | Zig:5    | KyoPewz: its been super useful so Ive held on to it a bit
                  | too long
161069 | Zig:5    | Zkahoot: early game ye
161069 | Zig:5    | Zkahoot: its a carry
161076 | Zig:5    | Learned a level 6 spell: Statue Form
161094 | Zig:6    | Entered Level 6 of a ziggurat
161100 | Zig:6    | Noticed a juggernaut
161105 | Zig:6    | Killed a juggernaut
161117 | Zig:6    | Gained mutation: Your magical capacity is extremely low.
                  | (-30% MP) [hidden defects]
161117 | Zig:6    | Lost mutation: You have hidden genetic defects. [hidden
                  | defects expressed]
161144 | Zig:6    | Zkahoot: malmutate?
161144 | Zig:6    | Zkahoot: how u doing on mut pots?
161144 | Zig:6    | KyoPewz: 6 left so starting to run out
161144 | Zig:6    | Zkahoot: id wait
161144 | Zig:6    | KyoPewz: no idea what gave me the tele to monsters tho
161165 | Zig:6    | Zkahoot: id wait till later in zig
161167 | Zig:7    | Entered Level 7 of a ziggurat
161170 | Zig:7    | Zkahoot: oop
161174 | Zig:7    | Zkahoot: free blink xd
161224 | Zig:7    | KyoPewz: oh maybe ive had it for a while and thats what
                  | kept tping me into lom lobom
161230 | Zig:7    | Identified the +2 robe of the Lonely Heavens {Slay+3
                  | Stlth+}
161254 | Zig:8    | Entered Level 8 of a ziggurat
161424 | Zig:8    | Zkahoot: ignition is so nice
161426 | Zig:8    | KyoPewz: hehe yea
161427 | Zig:9    | Entered Level 9 of a ziggurat
161428 | Zig:9    | Zkahoot: my run is using shatter and i suffer with moths
161431 | Zig:9    | Zkahoot: bcs flying
161433 | Zig:9    | Zkahoot: torm
161434 | Zig:9    | Zkahoot: torm
161435 | Zig:9    | Zkahoot: statue for torm
161441 | Zig:9    | KyoPewz: lol
161441 | Zig:9    | KyoPewz: ya
161441 | Zig:9    | KyoPewz: helps to use it
161502 | Zig:9    | Identified the +1 leather armour of Ribaix Jiff {rN+ Str+3
                  | Dex+3}
161504 | Zig:9    | Identified the +0 helmet "Paacleumuge" {rF+ rC+}
161505 | Zig:9    | Zkahoot: later its basically req
161505 | Zig:9    | Zkahoot: or ur hp is goneee
161505 | Zig:9    | KyoPewz: its been a long while since ive done extended lmao
161505 | Zig:9    | Zkahoot: haha all good
161507 | Zig:9    | Identified the ring "Bukhaive" {rPois EV+5 Str+2 Stlth+}
161508 | Zig:9    | Acquired the scarf of the Lily {+Inv, rElec rN+ Int+4 SInv}
161529 | Zig:9    | Identified the +0 hand axe "Firhes" {drain, Fragile Str+9
                  | Dex+4}
161537 | Zig:10   | Entered Level 10 of a ziggurat
161544 | Zig:10   | Noticed Vavuss the pandemonium lord
161545 | Zig:10   | Noticed Lengi the pandemonium lord
161547 | Zig:10   | Killed Vavuss the pandemonium lord
161547 | Zig:10   | Noticed Zipt the pandemonium lord
161548 | Zig:10   | Killed Lengi the pandemonium lord
161553 | Zig:10   | Killed Zipt the pandemonium lord
161619 | Zig:10   | Identified the +0 leather armour of the Contumacious God
                  | {Str-4 SInv Stlth+}
161622 | Zig:10   | Reached skill level 27 in Conjurations
161623 | Zig:10   | Identified the +7 glaive "Qoatyuh" {freeze, Fly rElec rC+
                  | rCorr}
161634 | Zig:11   | Entered Level 11 of a ziggurat
161694 | Zig:11   | Identified the +9 hand axe "Cuum Yqy" {antimagic, rPois rF+
                  | Int+3}
161695 | Zig:11   | Identified the +5 hand axe "Cohiotun" {heavy, rF+ rCorr
                  | Int-2}
161698 | Zig:11   | Identified the +1 leather armour "Ocsiu" {rC+}
161718 | Zig:12   | Entered Level 12 of a ziggurat
161867 | Zig:12   | Identified the +8 broad axe "Tuasour" {flame, rPois Str+2}
161887 | Zig:13   | Entered Level 13 of a ziggurat
161901 | Zig:13   | Found the +6 arbalest "Damnation" {damnation}
161927 | Zig:13   | Identified the +9 hand axe of Wu Jian's Hope {vamp, rC++}
161963 | Zig:13   | Zkahoot: id start quaffing muts
161963 | Zig:13   | Zkahoot: till u get neutral or good
161963 | Zig:13   | Lost mutation: Your muscles are strong. (Str +4, Int/Dex
                  | -1) [potion of mutation]
161963 | Zig:13   | Lost mutation: You are mostly covered in iridescent scales.
                  | (AC +4) [potion of mutation]
161963 | Zig:13   | Lost mutation: Your flesh is heat resistant. (rF+) [potion
                  | of mutation]
161963 | Zig:13   | Gained mutation: You possess an exceptional clarity of
                  | mind. [potion of mutation]
161964 | Zig:13   | Lost mutation: You possess an exceptional clarity of mind.
                  | [potion of mutation]
161964 | Zig:13   | Lost mutation: Your magical capacity is extremely low.
                  | (-30% MP) [potion of mutation]
161964 | Zig:13   | Lost mutation: You are partially covered in iridescent
                  | scales. (AC +2) [potion of mutation]
161964 | Zig:13   | Gained mutation: You expend magic power (3 MP) to
                  | strengthen your wands. [potion of mutation]
161964 | Zig:13   | Gained mutation: You are partially covered in iridescent
                  | scales. (AC +2) [potion of mutation]
161964 | Zig:13   | Gained mutation: You passively map a small area around you.
                  | [potion of mutation]
161965 | Zig:13   | Lost mutation: You passively map a small area around you.
                  | [potion of mutation]
161965 | Zig:13   | Lost mutation: You are occasionally teleported next to
                  | monsters. [potion of mutation]
161965 | Zig:13   | Lost mutation: You are partially covered in iridescent
                  | scales. (AC +2) [potion of mutation]
161965 | Zig:13   | Gained mutation: Your mind is acute. (Int +4, Str/Dex -1)
                  | [potion of mutation]
161966 | Zig:13   | Zkahoot: this is decent
161966 | Zig:13   | KyoPewz: i meaaaaaan
161966 | Zig:13   | KyoPewz: kinda sucks
161966 | Zig:13   | KyoPewz: but its fine with veh i guess
161966 | Zig:13   | Zkahoot: only -20mp
161985 | Zig:13   | Zkahoot: if ur a gambling man
161985 | Zig:13   | Zkahoot: u can try more
161986 | Zig:13   | Zkahoot: prolly not tho
161987 | Zig:14   | Entered Level 14 of a ziggurat
161998 | Zig:14   | Zkahoot: u dont have anti malmutate
162058 | Zig:14   | Found the ring of the Tortoise {AC+8}
162082 | Zig:14   | Identified the +5 arbalest "Ybeskeas" {penet, +Blink rPois
                  | Int+3}
162083 | Zig:14   | KyoPewz: is that even a thing
162083 | Zig:14   | Zkahoot: yes
162083 | Zig:14   | Zkahoot: lich form
162083 | Zig:14   | Zkahoot: aka necromutation
162083 | Zig:14   | Zkahoot: has anti mal
162083 | Zig:14   | Zkahoot: properties
162083 | Zig:14   | KyoPewz: oh i didnt know it had anti mal too
162083 | Zig:14   | Zkahoot: ye u get drained instead
162083 | Zig:14   | Zkahoot: but thats whatever
162083 | Zig:14   | Zkahoot: + it has 100% torment resist
162083 | Zig:14   | Zkahoot: instead of statue forms partial
162093 | Zig:15   | Entered Level 15 of a ziggurat
162111 | Zig:15   | Reached skill level 27 in Spellcasting
162137 | Zig:15   | Identified the +0 plate armour "Momuc" {Will+ Int+4 Slay-2}
162143 | Zig:15   | Reached skill level 27 in Air Magic
162144 | Zig:15   | Identified the +1 ring mail of Makhleb's Grace {Int+4}
162151 | Zig:16   | Entered Level 16 of a ziggurat
162163 | Zig:16   | Noticed Porijujy the pandemonium lord
162163 | Zig:16   | Noticed Fushela the pandemonium lord
162163 | Zig:16   | Noticed Vitua the pandemonium lord
162166 | Zig:16   | Noticed Hekke the pandemonium lord
162166 | Zig:16   | Noticed Bengones the pandemonium lord
162167 | Zig:16   | Killed Fushela the pandemonium lord
162168 | Zig:16   | Killed Porijujy the pandemonium lord
162170 | Zig:16   | Killed Hekke the pandemonium lord
162175 | Zig:16   | Killed Bengones the pandemonium lord
162176 | Zig:16   | Noticed Buoleiv the pandemonium lord
162177 | Zig:16   | Killed Buoleiv the pandemonium lord
162179 | Zig:16   | Killed Vitua the pandemonium lord
162351 | Zig:16   | Identified the +9 arbalest "Rutyijev" {antimagic, Str+7}
162354 | Zig:16   | Identified the amulet "Kuofaqaf" {Spirit rC+ rCorr Int+3}
162374 | Zig:17   | Entered Level 17 of a ziggurat
162434 | Zig:17   | Got the Atlas of the Gathering
162491 | Zig:18   | Entered Level 18 of a ziggurat
162504 | Zig:18   | Noticed a juggernaut
162505 | Zig:18   | Noticed a juggernaut
162507 | Zig:18   | Killed a juggernaut
162507 | Zig:18   | Killed a juggernaut
162517 | Zig:18   | Noticed a juggernaut
162521 | Zig:18   | Killed a juggernaut
162637 | Zig:18   | Found the amulet of Vitality {RegenMP++ Regen++}
162657 | Zig:18   | Identified the +7 sling of Ash {drain, rN+ rCorr Str+4}
162659 | Zig:18   | Identified the +6 ice dragon scales "Faupt" {Drain rF- rC++
                  | Int+5}
162670 | Zig:18   | Got the Compendium of Detritus and the Snake
162697 | Zig:19   | Entered Level 19 of a ziggurat
162702 | Zig:19   | Noticed a juggernaut
162707 | Zig:19   | Killed a juggernaut
162708 | Zig:19   | Noticed a juggernaut
162713 | Zig:19   | Noticed a juggernaut
162715 | Zig:19   | Killed a juggernaut
162717 | Zig:19   | Killed a juggernaut
162790 | Zig:19   | Zkahoot: pretty lucky with zig floors so far
162791 | Zig:19   | Identified the ring "Kyasy" {rF+ rC+ Will+ Str-2 Dex+6}
162792 | Zig:19   | KyoPewz: ya hordes of orcs are my speciality lmao
162796 | Zig:19   | KyoPewz: im too greedy for this what the hell do i drop
162796 | Zig:19   | KyoPewz: i know its the arbalest
162796 | Zig:19   | Zkahoot: scroll down
162796 | Zig:19   | KyoPewz: but i also wanna just save it for fun
162796 | Zig:19   | Zkahoot: more
162796 | Zig:19   | Zkahoot: use enchant armor
162796 | Zig:19   | KyoPewz: cant its all fully enchanted
162796 | Zig:19   | Zkahoot: silence?
162796 | Zig:19   | KyoPewz: but its also my only one so i wanna keep in case i
                  | find something
162796 | Zig:19   | Zkahoot: do you need it on caster
162796 | Zig:19   | KyoPewz: true
162796 | Zig:19   | Zkahoot: id drop box of beasts tbh
162796 | Zig:19   | Zkahoot: i never liked it
162796 | Zig:19   | KyoPewz: i think with high evo its pretty decent but i have
                  | not been using it
162796 | Zig:19   | KyoPewz: but its also such a pain to drop them in here
                  | since theres only 1 per game
162796 | Zig:19   | Zkahoot: do you ever use it
162796 | Zig:19   | Zkahoot: if yes
162796 | Zig:19   | Zkahoot: keep
162796 | Zig:19   | Zkahoot: same with the other misc
162796 | Zig:19   | Zkahoot: what do you actually use
162796 | Zig:19   | Zkahoot: id keep mirror and horn
162796 | Zig:19   | Zkahoot: i dont see myself using anything else
162796 | Zig:19   | KyoPewz: I mean rod is just weaker than my spells but its
                  | for emergencies if I run out of MP i guess
162796 | Zig:19   | Zkahoot: then u drop staves
162797 | Zig:19   | Zkahoot: id either keep the lightling rod or the wands
162797 | Zig:19   | KyoPewz: nah fuck the arbalest who cares
162797 | Zig:19   | Zkahoot: lmao
162802 | Zig:19   | Identified the +0 robe "Cowocaog" {Dex+3}
162823 | Zig:19   | Identified the staff of earth "Makiulib" {Str+2}
162830 | Zig:20   | Entered Level 20 of a ziggurat
162882 | Zig:20   | Found the +10 tower shield of Ignorance {rN+ Int-4}
162899 | Zig:20   | Identified the staff of fire "Jiag" {rF+ rC+}
162900 | Zig:20   | Zkahoot: lucky zigs forever
162900 | Zig:20   | KyoPewz: hehe
162911 | Zig:20   | Identified the staff of fire "Lotud" {rF+ rC+ Int+6 Dex-2}
162914 | Zig:20   | Identified the +0 giant club "Iguir" {freeze, *Noise rN++}
162915 | Zig:20   | Identified the +0 scale mail of the Many Hells {Int+3}
162924 | Zig:20   | Identified the staff of poison "Ameab" {rPois rF++ Stlth-}
162932 | Zig:20   | Zkahoot: what a shield
162932 | Zig:20   | KyoPewz: yeah its crazy, idk if ill use tho
162932 | Zig:20   | KyoPewz: maybe
162932 | Zig:20   | Zkahoot: with 27 shield maybe
162932 | Zig:20   | KyoPewz: ya late late game
162932 | Zig:20   | Zkahoot: but its very late
162932 | Zig:20   | Zkahoot: ye
162945 | Zig:21   | Entered Level 21 of a ziggurat
163118 | Zig:21   | Identified the ring "Hutuwiy" {rC- rN+ Dex+6 Stlth+}
163127 | Zig:21   | Identified the amulet of Suicidal Tendencies {RegenMP Fly
                  | rC- Regen+}
163137 | Zig:21   | Got Niuneog's Textbook on Effluvium and Invitation
163152 | Zig:22   | Entered Level 22 of a ziggurat
163214 | Zig:22   | Identified the +6 arbalest of the Lurker {freeze, rC- Int-4
                  | Dex+8 SInv}
163222 | Zig:22   | Identified the ring of Susoplys {Will+ rCorr Str+3 Int+5}
163240 | Zig:22   | Identified the staff of poison "Malum" {rPois rN+}
163241 | Zig:22   | Identified the +1 mace "Mifur" {antimagic, *Noise Dex+5}
163242 | Zig:22   | Identified the +7 broad axe of the Jumping Pill Bug {flame,
                  | rC- rN+ Will+ Int+2 Dex+2}
163271 | Zig:23   | Entered Level 23 of a ziggurat
163281 | Zig:23   | KyoPewz: hooooooooly
163281 | Zig:23   | KyoPewz: draconians
163281 | Zig:23   | Zkahoot: damnn
163297 | Zig:23   | Zkahoot: too ez
163402 | Zig:23   | Found the +16 obsidian axe {drain, demonic, Mesm Drain Fly
                  | SInv}
163423 | Zig:23   | Identified the +1 sling of Jasaprubac {flame, +Blink rC+
                  | Int-2 Dex+2}
163435 | Zig:23   | Zkahoot: bit late manual
163458 | Zig:23   | Zkahoot: xd
163458 | Zig:23   | KyoPewz: lol 2 of em
163472 | Zig:23   | Zkahoot: funny axe
163472 | Zig:23   | KyoPewz: yeah its cool
163476 | Zig:24   | Entered Level 24 of a ziggurat
163477 | Zig:24   | Zkahoot: gl
163478 | Zig:24   | Zkahoot: i hate this
163479 | Zig:24   | Zkahoot: one
163487 | Zig:24   | Zkahoot: 0mp
163497 | Zig:24   | Zkahoot: lmao
163498 | Zig:24   | Zkahoot: gl
163498 | Zig:24   | KyoPewz: eww thought it would die to the fire
163502 | Zig:24   | Noticed an orb of fire
163506 | Zig:24   | Noticed an orb of fire
163507 | Zig:24   | Noticed an orb of fire
163508 | Zig:24   | Noticed an orb of fire
163508 | Zig:24   | Noticed an orb of fire
163512 | Zig:24   | Killed an orb of fire
163512 | Zig:24   | Gained mutation: You do not regenerate when monsters are
                  | visible. [an orb of fire]
163514 | Zig:24   | Gained mutation: You occasionally lose the ability to read
                  | scrolls when taking damage. [an orb of fire]
163514 | Zig:24   | Gained mutation: Armour fits poorly on your strangely
                  | shaped body. [an orb of fire]
163517 | Zig:24   | Zkahoot: nope
163517 | Zig:24   | Zkahoot: i want to see what u do here
163520 | Zig:24   | Noticed an orb of fire
163521 | Zig:24   | Zkahoot: u can always blink out
163525 | Zig:24   | KyoPewz: nah i think i kinda like it here
163525 | Zig:24   | Zkahoot: ye
163525 | Zig:24   | Zkahoot: now ur good
163525 | Zig:24   | Zkahoot: u live here
163525 | Zig:24   | Zkahoot: atleast 1 turn
163525 | Zig:24   | KyoPewz: considering spamming curings but idk if thats
                  | smart
163525 | Zig:24   | Zkahoot: u lose more hp
163525 | Zig:24   | Zkahoot: not worth
163525 | Zig:24   | KyoPewz: only djinn and fire elem can hit me tho rly
163525 | Zig:24   | KyoPewz: pretty sure they dont damnation me
163525 | Zig:24   | Zkahoot: hmm
163525 | Zig:24   | KyoPewz: oh wait balrugs have smite not damnation
163525 | Zig:24   | KyoPewz: orb of fire might push them out of the way tho
163525 | Zig:24   | Zkahoot: i thought they had damn aswell
163525 | Zig:24   | Zkahoot: they kinda low
163525 | Zig:24   | Noticed an orb of fire
163527 | Zig:24   | Noticed an orb of fire
163528 | Zig:24   | Zkahoot: ye
163528 | Zig:24   | Zkahoot: u lost hp
163528 | Zig:24   | Zkahoot: its rng now
163528 | Zig:24   | Zkahoot: if u cure
163529 | Zig:24   | Zkahoot: dangerous spot
163530 | Zig:24   | Zkahoot: ur in 1 hit range
163530 | Zig:24   | Zkahoot: rnjesus
163530 | Zig:24   | Killed an orb of fire
163532 | Zig:24   | Killed an orb of fire
163533 | Zig:24   | Reached skill level 27 in Fighting
163533 | Zig:24   | Zkahoot: how do you live
163533 | Zig:24   | Zkahoot: wtf
163533 | Zig:24   | KyoPewz: lmao ikr
163533 | Zig:24   | Zkahoot: no blink scroll?
163533 | Zig:24   | KyoPewz: I do but like what can it do for me
163533 | Zig:24   | KyoPewz: I would be more open
163533 | Zig:24   | Zkahoot: blink on portal and dip
163533 | Zig:24   | Zkahoot: always option
163533 | Zig:24   | KyoPewz: oh
163533 | Zig:24   | KyoPewz: lmao
163533 | Zig:24   | KyoPewz: LMAOOO
163533 | Zig:24   | Zkahoot: ...
163533 | Zig:24   | KyoPewz: that wasnt even in my mind
163533 | Zig:24   | Zkahoot: haha
163533 | Zig:24   | Zkahoot: true zig experience
163533 | Zig:24   | KyoPewz: idk I think a lot of them can hit me if I do blink
                  | out tho
163533 | Zig:24   | Zkahoot: only giant
163533 | Zig:24   | Zkahoot: maybe
163534 | Zig:24   | Zkahoot: if u blink on far portal u live most of the time
163535 | Zig:24   | Zkahoot: u can dip
163535 | Zig:24   | Gained mutation: Your body sometimes deteriorates upon
                  | taking damage. [an orb of fire]
163535 | Zig:24   | HP: 2/258 [orb of fire/bolt of fire (25)]
163535 | Zig:24   | Killed from afar by an orb of fire

Illustrated notes

Levels and vault maps discovered:
D:1:      roderic_crop_circles_arrival_small, layout_basic,
          roderic_st_hans_cross, minmay_misc_feat_diagonals,
          supply_closet_lemuel, minmay_surrounded
D:2:      layout_loops_corners, chequers_ecumenical_altar_island,
          minmay_misc_feat_iff
D:3:      layout_loops_ring, nicolae_hepliaklqana_monster_ancestors,
          uniq_sigmund
D:4:      layout_basic, lemuel_round_altar, gup_ossuary_entry_pyramid,
          minmay_cut_off, uniq_eustachio, uniq_pikel
D:5:      layout_loops_ring, gammafunk_ghost_cemetery,
          chequers_serial_rivers_room_a, kennysheep_generic_room_9,
          uniq_blork_the_orc
D:6:      layout_rooms, minmay_temple_entry_fiery
D:7:      layout_basic, enter_bailey_2, minmay_nine_imps
D:8:      gammafunk_cloud_chamber, layout_basic, lemuel_tele_altar,
          minmay_shop_grid_forest
D:9:      nicolae_BIG_FREAKIN_CUBE, layout_basic, ebering_ghost_reflecting_pool,
          uniq_erica, uniq_joseph
D:10:     lemuel_insect_pit, layout_basic, uniq_nergalle
D:11:     layout_basic, lair_entry_dummy, nicolae_ru_great_annihilating_truth
D:12:     layout_stronghold
D:13:     minmay_the_grid_plus_closed [minmay_the_grid_stretched_grid,
          minmay_the_grid_broken_lines, minmay_the_grid_gridbox,
          minmay_the_grid_outer_diamond, minmay_the_grid_prize_inner_circle],
          layout_loops_ring, david_vaults_5, serial_rivers,
          chequers_serial_rivers_micro_c, chequers_serial_rivers_large_b,
          chequers_serial_rivers_small_a, chequers_serial_rivers_small_b,
          grunt_decor_fettered
D:14:     minmay_clustersquares, layout_basic, gammafunk_ghost_crypt,
          kennysheep_cross_bottleneck, minmay_misc_feat_columns,
          nzn_wu_jian_council_hall
D:15:     gammafunk_enter_depths_forms, layout_loops_ring, ashenzari_altar_1
Temple:   nicolae_temple_bog_church
Lair:1:   layout_cave_pods, guppyfry_lair_drakes
Lair:2:   layout_regular_city, minmay_shoals_entry_lonely_mermaid,
          minmay_snake_entry_guardpost_large, uniq_maggie, uniq_sonja
Lair:3:   layout_gridlike, serial_bayou_shore_a
Lair:4:   layout_big_grid
Lair:5:   hellmonk_lair_end_abyssal_woods, layout_regular_city, slime_entry_1,
          serial_bayou_lake_a
Shoals:1: layout_shoals, nicolae_specific_store
Shoals:2: layout_shoals
Shoals:3: layout_shoals, nicolae_shoals_beach_cooler, uniq_ilsuiw
Shoals:4: shoals_end_hangedman, layout_shoals, ebering_ghost_inner_flame
Snake:1:  layout_grid_shapes, uniq_aizul, uniq_roxanne
Snake:2:  layout_concentric_octagons, st_stairs_14
Snake:3:  layout_rooms
Snake:4:  minmay_snake_end_coiled, layout_onion, serial_shops,
          nicolae_shop_tiny_real_fake_doors, minmay_shop_grove,
          lemuel_fruit_tree, uniq_kirke
Slime:1:  nicolae_slime_pool, layout_caves
Slime:2:  layout_caves, cheibrodos_slime_lost_civilization_7
Slime:3:  layout_caves, special_room [special_room_jelly],
          nicolae_slime_getting_an_eyeful, uniq_dissolution
Slime:4:  layout_caves
Slime:5
Orc:1:    layout_diamond_mine
Orc:2:    st_orc_ogre_mass, layout_diamond_mine, uniq_donald
Elf:1:    layout_onion_city, serial_sigils, serial_sigils_hangedman_shear,
          serial_sigils_hangedman_shear, serial_sigils_hangedman_etch,
          serial_sigils_hangedman_scar, serial_sigils_hangedman_writhe,
          serial_sigils_hangedman_stare, uniq_frances, uniq_asterion
Elf:2:    elven_hall_of_blades_hangedman_original [nooodl_blade_entry_preview],
          layout_rooms, portal_ice_cave_entry_ice_simulacra, serial_shops, shop,
          nicolae_gammafunk_elf_defective_weapons_storage
Elf:3:    grunt_elf_hall_asides, layout_geoelf_castle, serial_shops, shop,
          uniq_saint_roka
Vaults:1: nicolae_vaults_theta, v_misc_32, v_misc_15,
          nicolae_vaults_diffraction_hallways, ontoclasm_vaults_fault,
          nicolae_vaults_sealed_display, layout_vaults_quadrants
Vaults:2: ebering_ghost_disaster_area, ontoclasm_vaults_ligature,
          vaults_room_corners, ontoclasm_vaults_chip,
          nicolae_vaults_trapezoid_lopsided_1, ontoclasm_vaults_claustrophobia,
          hangedman_vaults_stitches, v_misc_18, vaults_room_fancy_cross,
          v_misc_28, nicolae_vaults_turnstiles, nicolae_vaults_meeting,
          layout_vaults_omnibox, serial_shops, shop, uniq_mennas, uniq_xtahua
Vaults:3: grunt_vaults_trifunnel, nicolae_vaults_shelves_hall,
          nicolae_vaults_closet_pinwheel_5, ontoclasm_vaults_twist,
          minmay_crypt_entry_simple_round, hangedman_vaults_snaps,
          nicolae_vaults_display_case, nicolae_vaults_trapezoid_lopsided_3,
          nicolae_vaults_sesquioval_fish, hangedman_vaults_capsules,
          ontoclasm_vaults_chip, nicolae_vaults_theta, layout_vaults_omnicross,
          serial_shops, nicolae_shop_statue_plus
Vaults:4: gammafunk_ghost_mausoleum, v_misc_25, nicolae_vaults_shelves_hall,
          hangedman_vaults_unwind, nicolae_vaults_network_periphery, v_misc_17,
          nicolae_vaults_branching_niches, hangedman_vaults_stretched_pinwheel,
          grunt_vaults_twisty, v_misc_14, vaults_room_grunt_arrival_checkpoint,
          layout_vaults_ring
Vaults:5
Crypt:1:  layout_regular_city, gammafunk_ghost_cemetery
Crypt:2:  layout_chaotic_city, evilmike_ambush [evilmike_ambush_outer_corners,
          evilmike_ambush_inner_pond]
Crypt:3:  due_elkab, layout_chaotic_city, serial_sigils_hangedman_shear
Depths:1: minmay_crystal_thing, layout_cave_shapes, abyss_entry,
          hangedman_decor_peaks_small, grunt_mini_vestibule,
          serial_column_ruins, column_ruins_hut, column_ruins_grid_1,
          column_ruins_columns_dead_end, column_ruins_grid_1,
          column_ruins_columns_straight, kiku_gazebo_garden_becter
Depths:2: minmay_swirls_squares, layout_honeycomb, enter_ziggurat_d, hell_entry,
          rand_demon_pan_entry_4, nicolae_shop_self_help,
          minmay_staircase_bubble
Depths:3: pf_snail_temple, layout_gridlike, roderic_roman_lattice,
          grunt_pan_entry_in_and_out, abyss_entry, pf_hell_entry_tar_spiral
Depths:4: evilmike_zot_entry_basic, layout_honeycomb, pan_entry,
          mu_enter_wizlab_5, minmay_misc_feat_tiny, grunt_hell_entry_dis_mu,
          abyss_entry, minmay_gold_behind_fungi
Hell
Coc:1:    layout_cocytus_water_paths
Coc:2:    layout_cocytus_water_paths
Coc:3:    layout_ice_bergs
Coc:4:    layout_ice_bergs, nicolae_coc_statues_of_limitations
Coc:5:    layout_ice_bergs, nicolae_coc_statues_of_limitations
Coc:6:    layout_ice_bergs, nicolae_coc_melting_block
Coc:7:    coc_grunt_cove [coc_grunt_cove_antaeus, coc_grunt_cove_fiend,
          coc_grunt_cove_fiend, coc_grunt_cove_fiend, coc_grunt_cove_fiend]
Tar:1:    layout_catacombs, nicolae_tar_honey_rotating
Tar:2:    layout_catacombs, lemuel_nasty_pond
Tar:3:    layout_catacombs
Tar:4:    layout_catacombs, nicolae_tar_honey_chapel
Tar:5:    layout_grid_maze
Tar:6:    layout_grid_maze
Tar:7:    tar_grunt_cathedral
Zot:1:    layout_onion_interference
Zot:2:    infiniplex_zot_generator, layout_gridlike, skrybe_zot_glass_2
Zot:3:    layout_gridlike, hangedman_hellfire_club, uniq_josephina
Zot:4:    dreamdust_black_sun_cult, layout_gridlike
Zig:24:   ziggurat_pillar_centre_c, ziggurat_pillar_centre_c,
          ziggurat_pillar_centre_c, ziggurat_pillar_centre_c

Skill      XL: |  1  2  3  4  5  6  7  8  9 10 11 12 13 14 15 16 17 18 19 20 21 22 23 24 25 26 27 |
---------------+----------------------------------------------------------------------------------+-----
Conjurations   | 2 6 7 8 10 11 14 15 16 18 19 20 27 | 27.0
Air Magic      | 4 6 7 9 10 12 13 14 15 19 20 22 27 | 27.0
Fire Magic     | 5 10 11 12 17 22 23 24 26 27 | 27.0
Spellcasting   | 5 10 12 13 14 15 17 18 19 20 27 | 27.0
Fighting       | 3 4 6 7 9 12 13 14 15 16 17 27 | 27.0
Dodging        | 5 8 10 11 13 15 23 | 23.1
Poison Magic   | 5 6 |  6.0
Evocations     | 4 6 20 | 20.0
Shields        | 3 5 8 10 13 15 | 15.0
Staves         | 3 6 9 12 | 12.0
Translocations | 4 7 15 | 15.0
Long Blades    | 3 12 | 12.2
Earth Magic    | 3 11 25 | 25.7
Armour         | 17 | 17.0
Throwing       | 6 |  6.0
Hexes          | 6 |  6.0
Transmutations | 6 |  6.0
Summonings     | 10 | 10.0
Ice Magic      | 7 |  7.0
Stealth        | |  2.4

Action                     |  1- 3 |  4- 6 |  7- 9 | 10-12 | 13-15 | 16-18 | 19-21 | 22-24 | 25-27 || total
---------------------------+-------+-------+-------+-------+-------+-------+-------+-------+-------++-------
  Melee: Dagger            |       |    27 |       |       |    48 |       |       |       |       ||    75
         War axe           |       |       |     4 |     6 |     4 |       |       |       |       ||    14
         Staff             |       |       |       |       |    16 |     2 |     7 |     8 |  1352 ||  1385
         Katana            |       |       |       |       |       |       |       |       |  3278 ||  3278
         Headbutt          |       |       |       |       |       |       |       |       |   335 ||   335
  Throw: Dart              |       |       |       |       |    11 |       |       |       |       ||    11
   Cast: Shock             |    99 |    99 |   166 |   235 |   237 |     4 |       |     2 |       ||   842
         Static Discharge  |       |     5 |    30 |    48 |    46 |     2 |       |       |       ||   131
         Airstrike         |       |     3 |    33 |    52 |   424 |    72 |    31 |    43 |   553 ||  1211
         Swiftness         |       |       |     2 |     1 |       |     2 |       |       |       ||     5
         Plasma Beam       |       |       |     1 |    22 |    52 |   141 |   346 |   187 |   528 ||  1277
         Fireball          |       |       |       |    56 |   167 |   356 |   241 |   224 |   984 ||  2028
         Mephitic Cloud    |       |       |       |     1 |     6 |       |     9 |       |       ||    16
         Iskenderun's Myst |       |       |       |     2 |    50 |    17 |    18 |    52 |   117 ||   256
         Poisonous Vapours |       |       |       |       |    25 |    18 |    20 |    17 |       ||    80
         Ignite Poison     |       |       |       |       |     7 |    10 |     4 |     6 |       ||    27
         Starburst         |       |       |       |       |       |     6 |     3 |       |       ||     9
         Maxwell's Capacit |       |       |       |       |       |     2 |       |       |     7 ||     9
         Orb of Destructio |       |       |       |       |       |       |    60 |    45 |    61 ||   166
         Ignition          |       |       |       |       |       |       |    24 |    63 |   249 ||   336
         Blink             |       |       |       |       |       |       |     2 |     8 |    46 ||    56
         Fire Storm        |       |       |       |       |       |       |       |    21 |   382 ||   403
         Lehudib's Crystal |       |       |       |       |       |       |       |       |   472 ||   472
         Spellforged Servi |       |       |       |       |       |       |       |       |   158 ||   158
         Chain Lightning   |       |       |       |       |       |       |       |       |    19 ||    19
         Statue Form       |       |       |       |       |       |       |       |       |    11 ||    11
         Yara's Violent Un |       |       |       |       |       |       |       |       |     2 ||     2
  Evoke: Wand              |       |       |       |     2 |    10 |     3 |     2 |     1 |    24 ||    42
         Box of beasts     |       |       |       |       |       |     1 |     1 |       |     1 ||     3
         Lightning rod     |       |       |       |       |       |       |       |       |     5 ||     5
         Horn of Geryon    |       |       |       |       |       |       |       |       |     2 ||     2
         Phantom mirror    |       |       |       |       |       |       |       |       |     2 ||     2
         Phial of floods   |       |       |       |       |       |       |       |       |     1 ||     1
    Use: Scroll            |       |       |    10 |     7 |    10 |     3 |    15 |     4 |    50 ||    99
         Potion            |       |       |     2 |     1 |     2 |     1 |     3 |     1 |    90 ||   100
   Stab: Distracted        |       |       |       |       |     1 |       |       |       |    22 ||    23
         Sleeping          |       |       |       |       |     1 |       |       |       |       ||     1
 Armour: Robe              |     2 |    10 |     8 |     6 |       |       |       |    12 |    85 ||   123
         Troll leather arm |       |       |       |    15 |    86 |     5 |       |       |       ||   106
         Ring mail         |       |       |       |       |       |    30 |    44 |    13 |       ||    87
         Scale mail        |       |       |       |       |       |       |       |       |   812 ||   812
         Leather armour    |       |       |       |       |       |       |       |       |    73 ||    73
         Skin              |       |       |       |       |       |       |       |       |    30 ||    30
  Dodge: Dodged            |     7 |    35 |    21 |    45 |   200 |    64 |    73 |    69 |  2012 ||  2526
  Block: Buckler           |       |       |       |       |    30 |    20 |    33 |    14 |     2 ||    99
         Reflection        |       |       |       |       |     7 |    10 |    10 |     3 |   140 ||   170
         Kite shield       |       |       |       |       |       |       |       |       |  4362 ||  4362
